 Dungeon Crawl Stone Soup version 0.25.0-9-g26727b657a (webtiles) character file.

Game seed: 17754368065330629209

523299 lepoulpe303 the Victor of a Thousand Battles (level 25, -7/223 HPs)
             Began as a Hill Orc Fighter on June 16, 2020.
             Was the Champion of Okawaru.
             Mangled by a titan (10 damage)
             ... on level 5 of the Vaults on June 17, 2020.
             The game lasted 04:47:29 (62072 turns).

lepoulpe303 (HOFi)                                 Turns: 62072, Time: 04:47:30

Health: -7/223     AC: 41    Str: 33    XL:     25   Next: 96%
Magic:  24/43      EV: 16    Int:  8    God:    Okawaru [******]
Gold:   6327       SH: 21    Dex: 20    Spells: 24/24 levels left

rFire    + + +     SeeInvis +   a - +3 broad axe of the Forest {elec, MR+ Str+2}
rCold    + . .     Gourm    .   I - +0 kite shield {rF+} {rF+}
rNeg     . . .     Faith    .   K - +0 crystal plate armour "Iray" {rF+ MP+9}
rPois    .         Spirit   .   y - +0 mask of the Dragon {MR+ Slay+3 SInv}
rElec    +         Reflect  +   N - scarf {rC+ rF+}
rCorr    .         Harm     .   Y - +2 pair of gloves {Str+3} {Str+3}
MR       ++++.                  k - +0 pair of boots of the Okapi {Dex+3}
Stlth    ..........             p - amulet of reflection
HPRegen  0.00/turn              s - ring "Ewaeq" {rElec MR+ Dex+4}
MPRegen  0.28/turn              j - ring of Robustness {AC+8}

@: very slightly contaminated, invisible
A: low mp 1, inhibited regeneration
}: 2/15 runes: serpentine, barnacled
a: Heroism, Finesse, Renounce Religion


You were on level 5 of the Vaults.
You worshipped Okawaru.
Okawaru was exalted by your worship.
You were very hungry.

You visited 9 branches of the dungeon, and saw 45 of its levels.
You visited the Abyss 1 time.
You visited 1 bazaar.
You also visited: Trove, Sewer, Ossuary, Gauntlet, Ice Cave and Volcano.

You collected 7802 gold pieces.
You spent 1475 gold pieces at shops.

Inventory:

Hand Weapons
 a - the +3 broad axe of the Forest (weapon) {elec, MR+ Str+2}
   (Okawaru gifted it to you on level 1 of the Vaults)

   Occasionally, upon striking a foe, it will discharge some electrical energy
   and cause terrible harm.
   It affects your strength (+2).
   It affects your resistance to hostile enchantments.
 b - the +5 hand crossbow "Jiqay" {vorpal, MR+}
   (You bought it in a shop on level 7 of the Dungeon)

   Any bolt fired from it inflicts extra damage.
   It affects your resistance to hostile enchantments.
 c - the +8 broad axe "Hill Orc's Foe" {antimagic, Str+5 Dex-2}
   (Okawaru gifted it to you on level 13 of the Dungeon)

   It reduces the magical energy of the wielder, and disrupts the spells and
   magical abilities of those hit.
   Natural abilities and divine invocations are not affected.
   It affects your strength (+5).
   It affects your dexterity (-2).
Missiles
 J - 1032 bolts
 T - 24 silver javelins (quivered)
Armour
 k - the +0 pair of boots of the Okapi (worn) {Dex+3}
   (You found it in a treasure trove)

   It affects your dexterity (+3).
 o - a +5 crystal plate armour
 y - the +0 mask of the Dragon (worn) {MR+ Slay+3 SInv}
   (You found it in a treasure trove)

   It affects your accuracy and damage with ranged weapons and melee attacks
   (+3).
   It affects your resistance to hostile enchantments.
   It lets you see invisible.
 I - a +0 kite shield of fire resistance (worn) {rF+}
 K - the +0 crystal plate armour "Iray" (worn) {rF+ MP+9}
   (Okawaru gifted it to you on level 1 of the Vaults)

   It protects you from fire.
   It affects your magic capacity (+9).
 N - a scarf of resistance (worn)
 Y - a +2 pair of gloves of strength (worn) {Str+3}
Jewellery
 j - the ring of Robustness (right hand) {AC+8}
   (You found it in a Gauntlet)

   [ring of protection]

   It affects your AC (+8).
 m - an uncursed ring of flight
 p - an amulet of reflection (around neck)
 s - the ring "Ewaeq" (left hand) {rElec MR+ Dex+4}
   (You found it on level 2 of the Lair of Beasts)

   [ring of protection from magic]

   It affects your dexterity (+4).
   It insulates you from electricity.
   It affects your resistance to hostile enchantments.
 C - an uncursed ring of resist corrosion
 P - an uncursed ring of poison resistance
 W - an uncursed ring of protection from fire
Wands
 u - a wand of enslavement (27)
 D - a wand of digging (20)
 H - a wand of iceblast (63)
 L - a wand of clouds (16)
 M - a wand of acid (5)
 S - a wand of paralysis (14)
 Z - a wand of disintegration (16)
Scrolls
 f - 9 scrolls of fog
 g - 6 scrolls of fear
 i - 3 scrolls of identify
 t - 9 scrolls of teleportation
 w - 18 scrolls of remove curse
 A - 2 scrolls of holy word {!r}
 B - 2 scrolls of blinking {!r}
 F - a scroll of silence
 G - 9 scrolls of magic mapping {!r}
 U - 8 scrolls of immolation {!r}
Potions
 d - 8 potions of might
 h - 10 potions of haste
 l - 3 potions of heal wounds
 n - 3 potions of resistance
 q - 15 potions of curing
 r - 7 potions of berserk rage {!q}
 v - 5 potions of lignification {!q}
 x - 6 potions of stabbing
 z - 3 potions of invisibility
 V - 3 potions of cancellation
 X - 9 potions of flight
Miscellaneous
 E - 2 phantom mirrors
 Q - a tin of tremorstones (2/3)
Comestibles
 e - 40 rations


   Skills:
 + Level 17.8 Fighting
 - Level 16.0 Axes
 - Level 10.0 Crossbows
 * Level 21.8 Armour
 + Level 12.9 Dodging
 * Level 4.1 Stealth
 - Level 15.0 Shields
 + Level 23.7 Invocations
 + Level 17.7 Evocations


You had 24 spell levels left.
You didn't know any spells.
Your spell library contained the following spells:

 Spells                   Type           Power        Failure   Level  Hunger
 Beastly Appendage        Tmut           #.....       97%         1    ##.....
 Corona                   Hex            #......      97%         1    ##.....
 Foxfire                  Conj/Fire      #...         97%         1    ##.....
 Freeze                   Ice            #...         97%         1    ##.....
 Infusion                 Chrm           #...         97%         1    ##.....
 Magic Dart               Conj           #...         97%         1    ##.....
 Sandblast                Erth           #.....       97%         1    ##.....
 Shock                    Conj/Air       #...         97%         1    ##.....
 Summon Butterflies       Summ           #.......     97%         1    ##.....
 Blink                    Tloc           N/A          99%         2    ###....
 Call Imp                 Summ           #.......     99%         2    ###....
 Corpse Rot               Necr/Air       N/A          99%         2    ###....
 Passwall                 Tmut/Erth      #.......     99%         2    ###....
 Shroud of Golubria       Chrm/Tloc      #.....       99%         2    ###....
 Slow                     Hex            #.......     99%         2    ###....
 Song of Slaying          Chrm           #.......     99%         2    ###....
 Sticks to Snakes         Tmut           #.......     99%         2    ###....
 Swiftness                Chrm/Air       #.......     99%         2    ###....
 Call Canine Familiar     Summ           #.......     100%        3    ####...
 Conjure Flame            Conj/Fire      #.......     100%        3    ####...
 Dazzling Flash           Conj/Hex       #.....       100%        3    ####...
 Frozen Ramparts          Ice            #.....       100%        3    ####...
 Gell's Gravitas          Tloc           #.........   100%        3    ####...
 Inner Flame              Hex/Fire       #.......     100%        3    ####...
 Lesser Beckoning         Tloc           #.........   100%        3    ####...
 Mephitic Cloud           Conj/Pois/Air  #.......     100%        3    ####...
 Ozocubu's Armour         Chrm/Ice       #.......     100%        3    ####...
 Portal Projectile        Hex/Tloc       #.....       100%        3    ####...
 Recall                   Summ/Tloc      N/A          100%        3    ####...
 Spider Form              Tmut/Pois      #.........   100%        3    ####...
 Static Discharge         Conj/Air       #.......     100%        3    ####...
 Stone Arrow              Conj/Erth      #.....       100%        3    ####...
 Teleport Other           Tloc           #.......     100%        3    ####...
 Airstrike                Air            #.........   100%        4    #####..
 Animate Dead             Necr           N/A          100%        4    #####..
 Cause Fear               Hex            #.........   100%        4    #####..
 Hailstorm                Conj/Ice       #.......     100%        4    #####..
 Ice Form                 Ice/Tmut       #.......     100%        4    #####..
 Iskenderun's Mystic Bla  Conj/Tloc      #.......     100%        4    #####..
 Leda's Liquefaction      Hex/Erth       #.........   100%        4    #####..
 Passage of Golubria      Tloc           N/A          100%        4    #####..
 Petrify                  Tmut/Erth      #.......     100%        4    #####..
 Sticky Flame             Conj/Fire      #.......     100%        4    #####..
 Summon Ice Beast         Ice/Summ       #.......     100%        4    #####..
 Aura of Abjuration       Summ           #.........   100%        5    ######.
 Blade Hands              Tmut           #.........   100%        5    ######.
 Bolt of Magma            Conj/Fire/Erth #.........   100%        5    ######.
 Borgnjor's Vile Clutch   Necr/Erth      #.........   100%        5    ######.
 Excruciating Wounds      Chrm/Necr      #.........   100%        5    ######.
 Fireball                 Conj/Fire      #.........   100%        5    ######.
 Irradiate                Conj/Tmut      #.........   100%        5    ######.
 Iskenderun's Battlesphe  Conj/Chrm      #.......     100%        5    ######.
 Lee's Rapid Deconstruct  Erth           #.........   100%        5    ######.
 Lightning Bolt           Conj/Air       #.........   100%        5    ######.
 Metabolic Englaciation   Hex/Ice        #.........   100%        5    ######.
 Silence                  Hex/Air        #.........   100%        5    ######.
 Summon Demon             Summ           #.........   100%        5    ######.
 Summon Forest            Summ/Tloc      #.........   100%        5    ######.
 Summon Mana Viper        Hex/Summ       #.......     100%        5    ######.
 Yara's Violent Unravell  Hex/Tmut       #.........   100%        5    ######.
 Darkness                 Hex            #.........   100%        6    #######
 Death Channel            Necr           #.........   100%        6    #######
 Eringya's Noxious Bog    Tmut/Pois      #.........   100%        6    #######
 Freezing Cloud           Conj/Ice/Air   #.........   100%        6    #######
 Hydra Form               Tmut           #.........   100%        6    #######
 Invisibility             Hex            #.......     100%        6    #######
 Iron Shot                Conj/Erth      #.........   100%        6    #######
 Ozocubu's Refrigeration  Ice            #.........   100%        6    #######
 Shadow Creatures         Summ           N/A          100%        6    #######
 Simulacrum               Ice/Necr       #.........   100%        6    #######
 Statue Form              Tmut/Erth      #........    100%        6    #######
 Dragon Form              Tmut           #.........   100%        7    #######
 Haunt                    Necr/Summ      #.........   100%        7    #######
 Orb of Destruction       Conj           #.........   100%        7    #######
 Spellforged Servitor     Conj/Summ      #.........   100%        7    #######
 Summon Hydra             Summ           #.........   100%        7    #######
 Borgnjor's Revivificati  Necr           #.........   100%        8    #######
 Death's Door             Chrm/Necr      #.........   100%        8    #######
 Discord                  Hex            #.........   100%        8    #######
 Infestation              Necr           #.........   100%        8    #######
 Necromutation            Tmut/Necr      #.........   100%        8    #######
 Shatter                  Erth           #.........   100%        9    #######


Dungeon Overview and Level Annotations

Branches:
Dungeon (15/15)            Temple (1/1) D:6            Lair (6/6) D:10
 Shoals (4/4) Lair:2        Snake (4/4) Lair:3        Slime (0/5) Lair:6
    Orc (2/2) D:9             Elf (3/3) Orc:2        Vaults (5/5) D:14
  Crypt (0/3) Vaults:2     Depths (5/5) D:15            Zot (0/5) Depths:5
  Sewer (visited)         Ossuary (visited)           IceCv (visited)
Volcano (visited)         Gauntlet (visited)

Altars:
Ashenzari
Cheibriados
Dithmenos
Elyvilon
Fedhas
Gozag
Hepliaklqana
Kikubaaqudgha
Makhleb
Nemelex Xobeh
Okawaru
Qazlal
Ru
Sif Muna
Trog
Uskayaw
Vehumet
Wu Jian
Xom
Yredelemnul
Zin
The Shining One
Beogh
Jiyva

Shops:
D:7 (   D:9 (   D:13 (   D:14 !   Orc:2 !!==[   Elf:2 [**   Shoals:3 :
Snake:1 (%(   Snake:2 =}=   Vaults:3 *([   Depths:1 ?   Depths:4 [*
Depths:5 !

Portals:
Hell: Depths:1 Depths:2 Depths:3 Depths:4 Depths:5
Abyss: Depths:2 Depths:4
Pandemonium: Depths:1 Depths:2 Depths:3 Depths:4
Ziggurat: Depths:4

Annotations:
D:14 2 transporters, Pios Xaciraj's ghost, journeyman DgWz
Lair:3 3 runed translucent doors, Sadonosm's ghost, journeyman DgSk
Vaults:2 3 runed translucent doors, Lanoc's ghost, adept GnHu
Vaults:3 36 runed doors
Depths:5 3 runed translucent doors, Skimidon's ghost, veteran MiBe


Innate Abilities, Weirdness & Mutations

Your magical capacity is low. (-10% MP)
You do not regenerate when monsters are visible.


Message History

A stone giant comes into view.
The deep elf high priest calls down the wrath of its god upon you.
Something smites you!
* * * LOW HITPOINT WARNING * * *
You block the vault warden's attack. x2
The vault sentinel completely misses you.
You regained 9 hp, and now have 17/223 hp.
You are feeling very hungry.
You slash the vault warden!
You hit the vault sentinel but do no damage.
You slash the deep elf high priest!
You kill the deep elf high priest!
You hit the titan. You hit the vault warden.
Lightning courses through the vault warden!
You slash the titan!
The sphinx casts a spell.
Something smites you!
* * * LOW HITPOINT WARNING * * *
The titan hits you!
You die...

.........#
..........##.).C#..#
.......(.##%...#.(#####
........p.#.%..#..%....
........(%#......%...
..####.........%.....
####(.....%..######
......C))...%.....
....C.p@)%...%.%..
.....uCpp)(%......
..)..WHWx)...%%...
###.c%x.)..#######
...%.%...(.C.
###.#....#.....
#.#.%..#%...%. #
#.%..#..%...
#....#..%.%.


You could see 2 titans, a green very ugly thing, a sphinx, a stone giant, 3
vault wardens, a yaktaur captain, an ettin, a flayed ghost, a shadow wraith
(invisible), a vault sentinel, a cyclops shaped shifter and 2 crawling corpses.

Levels and vault maps discovered:
D:1:      matt_arrival_refuge, layout_rooms, minmay_misc_feat_cross
D:2:      minmay_roachtagon, layout_basic
D:3:      layout_basic, grunt_temple_overflow_cloverleaf,
          nicolae_ru_path_of_blood, serial_bayou, serial_bayou_shore_a,
          serial_bayou_crossing, serial_bayou_pond_a, serial_bayou_pond_d,
          first_ration, st_stairs_4
D:4:      layout_loops_corners, st_stairs_12, roderic_batcave,
          lemuel_old_faithful
D:5:      layout_cave_pools, portal_sewer_entry_d
D:6:      layout_basic, grunt_temple_overflow_lords_of_destruction,
          lemuel_round_altar, minmay_temple_entry_proselytizer,
          serial_co_window_serial, co_window_paths_a, co_window_corner_a,
          co_window_paths_a, co_window_paths_a, co_window_of_opportunity_a,
          co_window_cross_1, co_window_of_opportunity_a,
          co_window_of_opportunity_a, co_window_of_opportunity_a,
          co_window_unsneaky_path_d, co_window_2corner, co_window_broadway_b,
          co_window_corner_ca, co_window_4corner_b, glass_columns_a,
          glass_columns_b, glass_columns_a, glass_columns_b, glass_columns_a,
          basic_altar, enter_ossuary_1, uniq_prince_ribbit1, uniq_pikel,
          uniq_eustachio, uniq_maggie, uniq_menkaure
D:7:      layout_gridville, trog_ov_bears_minmay, kennysheep_little_box,
          nemelex_xobeh_ov_fountains_minmay, serial_shops, shop,
          eino_tiny_chamber
D:8:      black_bear_nest_2, layout_loops_ring, nicolae_gozag_seed_capital,
          uniq_maurice
D:9:      layout_loops_cross, yredelemnul_altar_generic, lemuel_crystal_altar,
          minmay_orc_entry_guard_dogs, serial_shops, shop, uniq_grum
D:10:     layout_loops_corners, lair_entry_dummy
D:11:     layout_basic
D:12:     layout_cave_pools, nicolae_trove_entry_free_sample
D:13:     nzn_motion_control, layout_stronghold, serial_shops,
          nicolae_shop_trees, gauntlet_entry_generic
D:14:     layout_rooms, grunt_vaults_entry_fortified,
          gammafunk_ghost_berserking_beasts, serial_shops, shop,
          nrook_mini_backslash
D:15:     hangedman_depths_entry_try_elsewhere_first, layout_loops_cross,
          hex_medium, portal_ice_cave_entry_pillars_2, minivault_4,
          minmay_three_doors
Temple:   dpeg_three_leaves_temple
Lair:1:   layout_roguey, serial_bayou_pond_e, minmay_hedge_maze,
          infiniplex_staircase_pool, grunt_megastairs_1, uniq_erica
Lair:2:   layout_loops_ring, elwin_shoals_entry_rocks,
          nicolae_volcano_entry_vermiform, minmay_lindwurm_lava
Lair:3:   layout_loops_ring, minmay_snake_entry_guardpost_medium,
          ebering_ghost_rock_garden, hangedman_lair_generics_rect
Lair:4:   layout_hall_layers
Lair:5:   layout_cave_pods, grunt_megastairs_3, minmay_lair_oklob_chamber
Lair:6:   hangedman_lair_tendril_chambers, layout_cave_pods, slime_altar_1,
          serial_bayou, serial_bayou_lagoon_a, serial_bayou_pond_b,
          serial_bayou_pond_d, serial_bayou_pond_b, serial_bayou_shore_b,
          serial_bayou_pond_a
Shoals:1: layout_shoals, ldierk_geyser
Shoals:2: argonaut_golden_fleece, layout_shoals
Shoals:3: layout_shoals, nicolae_shoals_c_island
Shoals:4: shoals_end_simple, layout_shoals
Snake:1:  layout_onion, serial_shops, shop, shop, nicolae_shop_stone,
          serial_bayou_shore_b, uniq_louise, uniq_agnes
Snake:2:  layout_grid_shapes, minmay_shop_grove
Snake:3:  layout_onion_interference
Snake:4:  johnstein_snake_rune_scales, layout_cave_town, uniq_donald
Orc:1:    layout_diamond_mine, uniq_gastronok
Orc:2:    st_orc_elflike, layout_caves, serial_shops, shop, basic_altar,
          mines2_lemuel
Elf:1:    elf_arrival_001, layout_loops_cross, evilmike_minifort, fountainhead,
          guppyfry_library_mini
Elf:2:    layout_geoelf_octagon, serial_shops, shop, shop, shop_statue
Elf:3:    minmay_elf_hall_hex, layout_geoelf_castle, serial_shops,
          bzr_entry_islet, uniq_bai_suzhen
Vaults:1: dpeg_vaults_pockets_of_resistance, v_misc_11,
          nicolae_vaults_inception_scallops, v_misc_2,
          nicolae_vaults_network_quinsquares
          [nicolae_vaults_network_quincunx_subvault,
          nicolae_vaults_network_quincunx_subvault,
          nicolae_vaults_network_quincunx_subvault,
          nicolae_vaults_network_quincunx_subvault], v_misc_10,
          ontoclasm_vaults_ring_small, ontoclasm_vaults_spin,
          hangedman_vaults_trim, vaults_room_pools, layout_vaults_omnicross,
          portal_desolation_entry_twin_temple, uniq_nikola
Vaults:2: gammafunk_vaults_ghost_necromancy, minmay_crypt_entry_necro_gods,
          nicolae_vaults_minivaults, grunt_vaults_focal, vaults_mumra_chevron,
          vaults_mumra_chevron_long, vaults_room_door_hall,
          nicolae_vaults_shelves_hall, dpeg_vaults_monster_row,
          ontoclasm_vaults_fault, vaults_dpeg_cross, layout_vaults_ring,
          uniq_margery
Vaults:3: serial_ice_g, vaults_dpeg_ring, vaults_room_fancy_cross,
          vaults_not_door_vault_mu, kennysheep_vaults_gozag_temple,
          hangedman_vaults_restitches, nicolae_vaults_little_squares_2,
          vaults_standard_mumra_lines, nicolae_vaults_little_squares_1,
          vaults_mumra_hex, nicolae_vaults_alarming, v_misc_19,
          layout_vaults_maze_bifur, uniq_jory
Vaults:4: vaults_standard_mumra_enter_the_diamond, vaults_room_ringed_pool,
          ontoclasm_vaults_shuriken, nicolae_vaults_little_squares_4,
          ontoclasm_vaults_decontamination, v_misc_29, hangedman_vaults_cutoff,
          ontoclasm_vaults_eye, nicolae_vaults_mini_display_case,
          nicolae_vaults_rhombus_5, layout_vaults_omnigrid
Vaults:5
Depths:1: minmay_fractal_lines_corner, layout_cave_pools,
          grunt_pan_entry_spiral, pf_hell_entry_tar_spiral, serial_shops, shop,
          nrook_uturn, grunt_ministairs_13, serial_bayou_ford_a,
          hangedman_decor_push, minmay_crystal_room,
          chequers_hall_statues_corner_a, minivault_14, minmay_misc_feat_rugged,
          serial_bayou_shore_b
Depths:2: minmay_isolated_rectangles_in_corner, layout_gridlike,
          abyss_entry_small_statue_room, serial_sigils_hangedman_gut,
          grunt_mini_vestibule, rand_demon_pan_entry_8, drop_trap,
          uniq_enchantress
Depths:3: lemuel_river_lethe, hell_entry, pan_entry
Depths:4: minmay_tearing_corner, layout_cave_pools, enter_ziggurat_a,
          chequers_hall_statues_wall_a, serial_shops, shop,
          nicolae_shop_competitors_out_of_business, abyss_entry, pan_entry,
          hell_entry
Depths:5: evilmike_zot_entry_argh, layout_basic, biasface_ghost_demon_polymorph,
          dk_noncrumbling_3, hell_entry, serial_shops, shop

Notes
Turn   | Place    | Note
-------+----------+-------------------------------------------
     0 | D:1      | lepoulpe303 the Hill Orc Fighter began the quest for the
                  | Orb.
     0 | D:1      | Reached XP level 1. HP: 19/19 MP: 1/1
   125 | D:1      | Identified a +0 whip
   185 | D:1      | Reached skill level 3 in Axes
   199 | D:1      | Reached XP level 2. HP: 16/27 MP: 2/2
   355 | D:1      | Identified a +0 dagger
   510 | D:1      | Identified a +0 club
   541 | D:1      | Identified a +0 short sword
   615 | D:1      | Reached XP level 3. HP: 31/33 MP: 3/3
   661 | D:1      | Identified 3 scrolls of identify
   661 | D:1      | Identified a ring of see invisible (You found it on level 1
                  | of the Dungeon)
   693 | D:2      | Identified a +0 club
   759 | D:2      | Identified a +0 club
   771 | D:2      | Identified a +0 short sword
   798 | D:2      | Identified a +0 halberd
   798 | D:2      | Identified a +0 club
   831 | D:2      | HP: 8/33 [gnoll/+0 halberd (2)]
  1119 | D:2      | Reached skill level 4 in Fighting
  1205 | D:2      | Identified a +0 dagger
  1326 | D:2      | Identified a +0 club
  1358 | D:2      | Reached skill level 4 in Axes
  1358 | D:2      | Reached skill level 1 in Dodging
  1358 | D:2      | Reached XP level 4. HP: 34/40 MP: 4/4
  1598 | D:2      | Identified a +0 crystal plate armour (You found it on level
                  | 2 of the Dungeon)
  1847 | D:2      | Identified a +0 club
  2109 | D:3      | Reached skill level 4 in Armour
  2109 | D:3      | Reached XP level 5. HP: 42/46 MP: 5/5
  2220 | D:3      | Found a shimmering altar of Xom.
  2225 | D:3      | Found a white marble altar of Elyvilon.
  2232 | D:3      | Found a shimmering blue altar of Sif Muna.
  2329 | D:3      | Identified 2 scrolls of remove curse
  2330 | D:3      | Identified a ring of dexterity (You found it on level 2 of
                  | the Dungeon)
  2542 | D:3      | Identified a +0 hand axe
  2542 | D:3      | Identified a +0 leather armour
  2703 | D:3      | Reached skill level 4 in Shields
  2985 | D:3      | Found a hide-covered altar of Uskayaw.
  3007 | D:3      | Found a sacrificial altar of Ru.
  3119 | D:4      | Identified a +2 vorpal war axe (You found it on level 4 of
                  | the Dungeon)
  3186 | D:4      | Reached skill level 5 in Axes
  3285 | D:4      | Reached XP level 6. HP: 53/53 MP: 6/6
  3417 | D:4      | Identified a +0 club
  3417 | D:4      | Identified a +0 club
  3872 | D:5      | Entered Level 5 of the Dungeon
  4069 | D:5      | Identified a +0 hand axe
  4069 | D:5      | Identified a +0 ring mail
  4170 | D:5      | Found a glowing drain.
  4181 | Sewer    | Entered a sewer
  4200 | Sewer    | Identified a +0 whip
  4203 | Sewer    | Identified a +0 short sword
  4203 | Sewer    | Identified a +0 hand crossbow
  4212 | Sewer    | Identified a cursed +0 short sword
  4291 | Sewer    | Reached skill level 5 in Armour
  4304 | Sewer    | Identified a cursed -2 short sword
  4349 | Sewer    | Reached XP level 7. HP: 60/60 MP: 7/7
  4415 | Sewer    | Identified a +0 club
  4484 | Sewer    | Identified a +0 dagger
  4851 | Sewer    | Identified 3 potions of curing
  5221 | D:6      | Identified a +0 war axe
  5221 | D:6      | Identified +0 steam dragon scales
  5221 | D:6      | Noticed Maggie
  5245 | D:6      | Killed Maggie
  5245 | D:6      | Reached skill level 5 in Fighting
  5245 | D:6      | Reached skill level 6 in Axes
  5245 | D:6      | Reached skill level 2 in Dodging
  5265 | D:6      | Found a sand-covered staircase.
  5270 | D:6      | Identified a +0 rapier
  5270 | D:6      | Identified a +0 leather armour
  5270 | D:6      | Noticed Eustachio
  5275 | Ossuary  | Entered an ossuary
  5538 | Ossuary  | Reached skill level 7 in Axes
  5538 | Ossuary  | Reached XP level 8. HP: 68/68 MP: 8/8
  5573 | Ossuary  | Reached skill level 6 in Armour
  5574 | Ossuary  | Reached skill level 5 in Shields
  5900 | Ossuary  | Reached skill level 8 in Axes
  6011 | D:6      | Found a shimmering altar of Xom.
  6018 | D:6      | Killed Eustachio
  6018 | D:6      | Reached skill level 6 in Fighting
  6018 | D:6      | Reached skill level 3 in Dodging
  6047 | D:6      | Noticed Prince Ribbit
  6058 | D:6      | Killed Prince Ribbit
  6058 | D:6      | Reached skill level 7 in Armour
  6058 | D:6      | Reached XP level 9. HP: 68/75 MP: 9/9
  6064 | D:6      | Identified a cursed -1 club
  6064 | D:6      | Identified a +0 spear
  6064 | D:6      | Identified a +0 ring mail
  6066 | D:6      | Identified a +0 spear
  6146 | D:6      | Identified 3 potions of haste
  6147 | D:6      | Identified 3 potions of lignification
  6148 | D:6      | Identified 3 potions of stabbing
  6173 | D:6      | Identified a +0 whip of flaming
  6173 | D:6      | Identified a +0 robe
  6173 | D:6      | Noticed Pikel
  6192 | D:6      | Killed Pikel
  6192 | D:6      | Reached skill level 9 in Axes
  6200 | D:6      | Identified a +0 giant spiked club
  6205 | D:6      | Reached skill level 6 in Shields
  6308 | D:6      | Found an ornate altar of the Wu Jian Council.
  6512 | D:6      | Found a radiant altar of Vehumet.
  6512 | D:6      | Found a burning altar of Makhleb.
  6573 | D:6      | Reached skill level 8 in Armour
  6581 | D:6      | Noticed Menkaure
  6586 | D:6      | Killed Menkaure
  6613 | D:6      | Identified a +0 chain mail
  7019 | D:6      | Identified a +0 pair of gloves (You found it on level 6 of
                  | the Dungeon)
  7024 | D:6      | Got a pitted ring mail
  7035 | D:6      | Identified the +6 ring mail "Wecur" {+Fly rC+ MR+} (You
                  | found it on level 6 of the Dungeon)
  7055 | D:6      | Found a staircase to the Ecumenical Temple.
  7060 | Temple   | Entered the Ecumenical Temple
  7209 | Temple   | Became a worshipper of Warmaster Okawaru
  7512 | D:7      | Identified a ring of protection from fire (You found it on
                  | level 7 of the Dungeon)
  7546 | D:7      | Reached skill level 7 in Fighting
  7546 | D:7      | Reached skill level 1 in Invocations
  7563 | D:7      | Identified a cursed -3 scimitar
  7563 | D:7      | Identified a +0 chain mail
  7563 | D:7      | Identified a +0 flail
  7563 | D:7      | Identified a +0 chain mail of cold resistance
  7564 | D:7      | Identified a cursed +4 great sword of freezing
  7564 | D:7      | Identified a +0 robe
  7564 | D:7      | Identified a +0 dagger
  7564 | D:7      | Identified a +0 robe
  7588 | D:7      | Identified a +0 short sword
  7588 | D:7      | Identified a cursed -1 robe
  7594 | D:7      | Identified a cursed +3 hand axe
  7594 | D:7      | Identified a +0 robe
  7595 | D:7      | Reached skill level 4 in Dodging
  7600 | D:7      | Reached skill level 10 in Axes
  7620 | D:7      | Identified a cursed -2 hand axe
  7620 | D:7      | Identified a +0 robe
  7621 | D:7      | Identified a +0 dagger
  7621 | D:7      | Identified a +0 robe
  7626 | D:7      | Identified a +0 hand axe
  7627 | D:7      | Identified a +0 short sword
  7627 | D:7      | Identified a +0 robe
  7629 | D:7      | Reached skill level 2 in Invocations
  7686 | D:7      | Found a sparkling altar of Nemelex Xobeh.
  7690 | D:7      | Found Moah's Antique Weapon Shoppe.
  7697 | D:7      | Bought a glimmering hand crossbow for 263 gold pieces
  7719 | D:7      | Reached XP level 10. HP: 86/86 MP: 11/11
  7808 | D:7      | Identified a +0 pair of gloves of dexterity (You found it
                  | on level 7 of the Dungeon)
  7862 | D:7      | Identified a +0 pair of boots (You found it on level 7 of
                  | the Dungeon)
  7871 | D:7      | Identified a +0 shortbow
  7880 | D:7      | Reached skill level 1 in Crossbows
  7880 | D:7      | Reached skill level 3 in Invocations
  7916 | D:7      | Found a shattered altar of Ashenzari.
  7961 | D:7      | Reached * piety under Okawaru
  7972 | D:7      | Found a bloodstained altar of Trog.
  8251 | D:8      | Identified a ring of protection from magic (You found it on
                  | level 7 of the Dungeon)
  8401 | D:8      | Identified a +0 short sword
  8401 | D:8      | Identified a +0 cloak
  8401 | D:8      | Noticed Maurice
  8423 | D:8      | Killed Maurice
  8429 | D:8      | Reached ** piety under Okawaru
  8429 | D:8      | Reached skill level 2 in Crossbows
  8430 | D:8      | Identified a +0 flail
  8430 | D:8      | Identified a +0 leather armour
  8432 | D:8      | Identified a +0 trident
  8435 | D:8      | Reached skill level 9 in Armour
  8435 | D:8      | Reached skill level 4 in Invocations
  8438 | D:8      | Identified a cursed -1 flail
  8519 | D:8      | Identified a +2 hand axe of venom
  8519 | D:8      | Identified a +0 dagger
  8519 | D:8      | Identified a +0 robe
  8530 | D:8      | Identified a +0 dagger
  8530 | D:8      | Identified a +0 robe
  8536 | D:8      | Identified a ring of protection from cold (You found it on
                  | level 8 of the Dungeon)
  8537 | D:8      | Identified 4 scrolls of teleportation
  8538 | D:8      | Identified a scroll of holy word
  8697 | D:8      | Found an opulent altar of Gozag.
  8702 | D:8      | Identified an amulet of the acrobat (You found it on level
                  | 8 of the Dungeon)
  8857 | D:8      | Reached skill level 7 in Shields
  9251 | D:9      | Found a basalt altar of Yredelemnul.
  9251 | D:9      | Identified a +0 morningstar
  9254 | D:9      | Identified a +0 dagger
  9254 | D:9      | Identified a +0 robe
  9254 | D:9      | Identified a +0 dagger
  9335 | D:9      | Identified a +0 hand axe
  9335 | D:9      | Identified a +0 chain mail
  9337 | D:9      | Identified a +0 dagger
  9339 | D:9      | Identified a +0 flail
  9340 | D:9      | Identified a +0 hand axe
  9347 | D:9      | Reached *** piety under Okawaru
  9356 | D:9      | Identified 4 potions of berserk rage
  9357 | D:9      | Identified 2 scrolls of blinking
  9358 | D:9      | Identified 2 scrolls of fear
  9359 | D:9      | Identified 2 scrolls of magic mapping
  9375 | D:9      | Found a shadowy altar of Dithmenos.
  9412 | D:9      | Reached skill level 5 in Invocations
  9415 | D:9      | Reached skill level 3 in Crossbows
  9419 | D:9      | Identified a -2 spear
  9419 | D:9      | Identified a +0 animal skin
  9419 | D:9      | Noticed Grum
  9430 | D:9      | Killed Grum
  9430 | D:9      | Reached skill level 11 in Axes
  9437 | D:9      | Identified a +0 club
  9444 | D:9      | Identified a +0 shortbow
  9449 | D:9      | Identified a +0 short sword of protection
  9449 | D:9      | Reached XP level 11. HP: 31/94 MP: 14/14
  9450 | D:9      | Identified a +0 short sword
  9456 | D:9      | HP: 23/94 [killer bee (2)]
  9463 | D:9      | HP: 16/94 [killer bee (6)]
  9468 | D:9      | HP: 9/94 [killer bee (6)]
  9810 | D:9      | Identified a +0 shortbow
  9819 | D:9      | Identified a +0 dagger
  9819 | D:9      | Identified a +0 leather armour
  9819 | D:9      | Identified a +0 dagger
  9819 | D:9      | Identified a +0 ring mail
  9819 | D:9      | Identified a +0 trident
  9819 | D:9      | Identified a +0 ring mail
  9824 | D:9      | Identified a +0 dagger
  9824 | D:9      | Identified a +0 robe
  9881 | D:9      | Found Faiheic's Weapon Shop.
  9881 | D:9      | Identified a +0 long sword
  9881 | D:9      | Identified a +0 plate armour
  9881 | D:9      | Identified a +1 short sword of flaming
  9881 | D:9      | Identified a +0 dagger
  9881 | D:9      | Identified a +0 robe
  9882 | D:9      | Identified a +0 club
  9890 | D:9      | Reached skill level 8 in Fighting
  9892 | D:9      | Identified a +0 ring mail
  9912 | D:9      | Identified a +0 troll leather armour
  9920 | D:9      | Bought 12 bolts for 24 gold pieces
  9920 | D:9      | Identified a scroll of enchant weapon
  9922 | D:9      | Identified the +5 hand crossbow "Jiqay" {vorpal, MR+} (You
                  | bought it in a shop on level 7 of the Dungeon)
 10029 | D:9      | Identified a +0 flail
 10031 | D:9      | Identified a +0 dagger
 10031 | D:9      | Identified a +0 robe
 10031 | D:9      | Identified a +0 flail
 10031 | D:9      | Identified a cursed +0 ring mail
 10031 | D:9      | Identified a +0 hand axe
 10031 | D:9      | Identified a +0 hand axe
 10031 | D:9      | Identified a +0 scale mail
 10035 | D:9      | Identified a +0 whip
 10045 | D:9      | Reached skill level 6 in Invocations
 10048 | D:9      | Reached **** piety under Okawaru
 10125 | D:9      | Identified a +0 shortbow
 10296 | D:9      | Found a staircase to the Orcish Mines.
 10576 | D:10     | Entered Level 10 of the Dungeon
 10603 | D:10     | Identified a +0 antimagic flail (You found it on level 5 of
                  | the Dungeon)
 10607 | D:10     | Identified a +0 dagger
 10607 | D:10     | Identified a +0 robe
 10607 | D:10     | Identified a +0 leather armour
 10607 | D:10     | Identified a +0 dagger
 10607 | D:10     | Identified a +0 robe
 10607 | D:10     | Identified a +0 short sword
 10622 | D:10     | Identified 3 potions of flight
 10623 | D:10     | Identified 2 potions of degeneration
 10645 | D:10     | Found a staircase to the Lair.
 10674 | D:10     | Reached skill level 4 in Crossbows
 10695 | Lair:1   | Entered Level 1 of the Lair of Beasts
 10707 | Lair:1   | Received a gift from Okawaru
 10707 | Lair:1   | Reached skill level 10 in Armour
 10920 | Lair:1   | Reached skill level 5 in Dodging
 11149 | Lair:1   | Identified a ring of protection (You found it on level 1 of
                  | the Lair of Beasts)
 11157 | Lair:1   | Identified a +1 scimitar of flaming
 11157 | Lair:1   | Identified a +2 robe
 11157 | Lair:1   | Noticed Erica
 11171 | Lair:1   | Killed Erica
 11171 | Lair:1   | Reached ***** piety under Okawaru
 11171 | Lair:1   | Reached skill level 7 in Invocations
 11175 | Lair:1   | Identified 2 potions of brilliance
 11255 | Lair:1   | Reached skill level 12 in Axes
 11288 | Lair:1   | Received a gift from Okawaru
 11319 | Lair:1   | Identified a scarf of resistance (Okawaru gifted it to you
                  | on level 1 of the Lair of Beasts)
 11417 | Lair:1   | Identified 2 scrolls of fog
 11418 | Lair:1   | Identified a scroll of enchant armour
 11459 | Lair:1   | Reached XP level 12. HP: 67/103 MP: 17/17
 11826 | Lair:2   | Reached skill level 5 in Crossbows
 11926 | Lair:2   | Identified Urol's Grimoire of Conjuration
 11981 | Lair:2   | Reached skill level 8 in Shields
 12043 | Lair:2   | Reached skill level 8 in Invocations
 12043 | Lair:2   | HP: 22/103 [lindwurm/blast of flame (6)]
 12046 | Lair:2   | Reached skill level 1 in Evocations
 12049 | Lair:2   | HP: 11/103 [lindwurm (2)]
 12050 | Lair:2   | HP: 4/103 [lindwurm/blast of flame (7)]
 12059 | Lair:2   | Identified a scroll of immolation
 12060 | Lair:2   | Got a smoking bronze ring
 12165 | Lair:2   | Found a dark tunnel.
 12174 | Volcano  | Entered a volcano
 12396 | Volcano  | Identified a +0 giant club
 12453 | Volcano  | Identified the ring "Ewaeq" {rElec MR+ Dex+4} (You found it
                  | on level 2 of the Lair of Beasts)
 12481 | Volcano  | Identified a +0 trident
 12497 | Volcano  | Identified +0 steam dragon scales
 12500 | Volcano  | Reached skill level 9 in Fighting
 12526 | Volcano  | Identified a +0 kite shield of fire resistance {rF+} (You
                  | found it in a volcano)
 12562 | Volcano  | Identified a +0 giant club
 12563 | Volcano  | Identified a +0 trident
 12574 | Volcano  | Identified +0 steam dragon scales
 12584 | Volcano  | Identified a +0 halberd
 12603 | Volcano  | Reached skill level 2 in Evocations
 12763 | Volcano  | Identified a +0 giant spiked club
 12818 | Volcano  | Identified a +0 giant spiked club
 12818 | Volcano  | Identified a +0 giant club
 12818 | Volcano  | Noticed a two-headed ogre
 12823 | Volcano  | Killed a two-headed ogre
 12823 | Volcano  | Reached skill level 11 in Armour
 12830 | Volcano  | Reached skill level 9 in Invocations
 12848 | Volcano  | Identified a +0 giant club
 12909 | Volcano  | Noticed a fire dragon
 12928 | Volcano  | Killed a fire dragon
 12928 | Volcano  | Reached skill level 6 in Crossbows
 13048 | Volcano  | Identified a scroll of random uselessness
 13312 | Volcano  | Reached skill level 13 in Axes
 13508 | Lair:2   | Identified a scroll of noise
 13566 | Lair:2   | Found a staircase to the Shoals.
 13706 | Lair:3   | Received a gift from Okawaru
 13732 | Lair:3   | Noticed a six-headed hydra
 13739 | Lair:3   | Killed a six-headed hydra
 13739 | Lair:3   | Reached XP level 13. HP: 88/111 MP: 20/20
 13871 | Lair:3   | Identified a +0 halberd
 13875 | Lair:3   | Received a gift from Okawaru
 13875 | Lair:3   | Identified a +0 long sword
 13881 | Lair:3   | Identified a +0 flail
 13885 | Lair:3   | Identified a +0 hand axe
 13893 | Lair:3   | Identified a +0 long sword
 13916 | Lair:3   | Identified a +0 long sword
 13939 | Lair:3   | Found a staircase to the Snake Pit.
 14011 | Lair:3   | Reached skill level 3 in Evocations
 14050 | Lair:3   | Identified a ring of attention (You found it on level 3 of
                  | the Lair of Beasts)
 14309 | Lair:3   | Found a runed translucent gate.
 14309 | Lair:3   | Found a runed translucent gate.
 14309 | Lair:3   | Found a runed translucent gate.
 14310 | Lair:3   | Noticed Sadonosm's ghost (journeyman DgSk)
 14459 | Lair:3   | Received a gift from Okawaru
 14717 | Lair:3   | Received a gift from Okawaru
 14915 | Lair:3   | Reached skill level 10 in Invocations
 15040 | Lair:3   | Received a gift from Okawaru
 15040 | Lair:3   | Reached skill level 6 in Dodging
 15058 | Lair:3   | Identified a +0 kite shield of positive energy (Okawaru
                  | gifted it to you on level 3 of the Lair of Beasts)
 15058 | Lair:3   | Identified 2 potions of resistance
 15059 | Lair:3   | Identified 2 scrolls of amnesia
 15375 | Lair:4   | Reached skill level 9 in Shields
 15711 | Lair:4   | Reached skill level 7 in Crossbows
 17098 | Lair:5   | Reached skill level 12 in Armour
 17103 | Lair:5   | Reached skill level 10 in Fighting
 17123 | Lair:5   | Reached skill level 14 in Axes
 17201 | Lair:5   | Reached skill level 4 in Evocations
 17201 | Lair:5   | Reached XP level 14. HP: 109/121 MP: 22/22
 17266 | Lair:5   | Reached ****** piety under Okawaru
 17347 | Lair:5   | Reached skill level 11 in Invocations
 17409 | Lair:5   | Received a gift from Okawaru
 17492 | Lair:5   | Identified 2 potions of mutation
 17493 | Lair:5   | Identified a potion of invisibility
 17499 | Lair:5   | Identified a ring of stealth (You found it on level 5 of
                  | the Lair of Beasts)
 17520 | Lair:5   | Found the +7 captain's cutlass {speed, disarm}
 17535 | Lair:5   | HP: 27/121 [acid (14)]
 18842 | Lair:5   | Received a gift from Okawaru
 18879 | Lair:5   | HP: 30/122 [death yak (18)]
 18885 | Lair:5   | HP: 24/122 [death yak (8)]
 18886 | Lair:5   | Received a gift from Okawaru
 20063 | Lair:5   | Identified an amulet of reflection (You found it on level 5
                  | of the Lair of Beasts)
 20067 | Lair:5   | Got a jacinth-encrusted scale mail
 20078 | Lair:5   | Identified the +1 scale mail "Woulessu" {Regen+} (You found
                  | it on level 5 of the Lair of Beasts)
 20298 | Lair:6   | Entered Level 6 of the Lair of Beasts
 20316 | Lair:6   | Reached skill level 8 in Crossbows
 20317 | Lair:6   | Paralysed by a hornet for 1 turns
 20469 | Lair:6   | Received a gift from Okawaru
 20644 | Lair:6   | Found a staircase to the Slime Pits.
 20644 | Lair:6   | Found a viscous altar of Jiyva.
 21316 | Lair:6   | Received a gift from Okawaru
 21317 | Lair:6   | Got a masterwork arbalest {god gift}
 21764 | Lair:6   | Reached skill level 5 in Evocations
 21924 | Lair:6   | Reached skill level 12 in Invocations
 21943 | Lair:6   | Identified a ring of magical power (You found it on level 6
                  | of the Lair of Beasts)
 22021 | Lair:6   | Identified 2 potions of magic
 22487 | Lair:6   | Received a gift from Okawaru
 22488 | Lair:6   | Reached skill level 15 in Axes
 22514 | Lair:6   | Reached XP level 15. HP: 43/128 MP: 24/24
 22852 | Lair:6   | Got a jewelled ring mail
 22863 | Lair:6   | Identified the cursed +0 ring mail "Opsa" {+Inv} (You found
                  | it on level 6 of the Lair of Beasts)
 23105 | D:10     | Identified a +0 hand axe
 23105 | D:10     | Identified a +0 chain mail
 23105 | D:10     | Identified a +0 whip
 23105 | D:10     | Identified a +0 leather armour
 23174 | D:10     | Identified a +0 dagger
 23174 | D:10     | Identified a +0 robe
 23174 | D:10     | Identified a cursed -2 flail
 23174 | D:10     | Identified a +0 chain mail
 23177 | D:10     | Identified a +0 flail
 23520 | D:10     | Identified a +0 morningstar
 23892 | Orc:1    | Entered Level 1 of the Orcish Mines
 23903 | Orc:1    | Identified a cursed -3 dagger
 23903 | Orc:1    | Identified a +0 flail
 23904 | Orc:1    | Identified a +0 battleaxe
 23905 | Orc:1    | Identified a +0 whip
 23906 | Orc:1    | Identified a +0 morningstar
 23906 | Orc:1    | Identified a +0 leather armour
 23907 | Orc:1    | Identified a +0 glaive
 23907 | Orc:1    | Identified a +0 plate armour
 23923 | Orc:1    | Reached skill level 13 in Armour
 23926 | Orc:1    | Received a gift from Okawaru
 24085 | Orc:1    | Identified a +0 whip
 24085 | Orc:1    | Identified a +0 ring mail
 24085 | Orc:1    | Identified a +0 club
 24090 | Orc:1    | Identified a cursed -1 halberd
 24090 | Orc:1    | Identified a +0 chain mail
 24090 | Orc:1    | Identified a +0 leather armour
 24119 | Orc:1    | Identified a +0 troll leather armour
 24265 | D:10     | Identified a potion of experience
 24266 | D:10     | Reached skill level 11 in Fighting
 24266 | D:10     | Reached skill level 9 in Crossbows
 24266 | D:10     | Reached skill level 7 in Dodging
 24266 | D:10     | Reached skill level 10 in Shields
 24266 | D:10     | Reached XP level 16. HP: 137/137 MP: 25/25
 24357 | Orc:2    | Entered Level 2 of the Orcish Mines
 24357 | Orc:2    | Found a staircase to the Elven Halls.
 24357 | Orc:2    | Identified a +0 short sword of electrocution
 24357 | Orc:2    | Identified a +0 plate armour
 24357 | Orc:2    | Identified a +0 dagger
 24357 | Orc:2    | Identified a +0 robe
 24357 | Orc:2    | Identified a +0 dagger
 24357 | Orc:2    | Identified a +0 ring mail
 24392 | Orc:2    | Identified a +0 dagger
 24392 | Orc:2    | Identified a +0 robe
 24393 | Orc:2    | Found Sublyati's Distillery.
 24393 | Orc:2    | Identified a +0 battleaxe
 24393 | Orc:2    | Identified a +0 plate armour
 24395 | Orc:2    | Identified a +0 dagger
 24395 | Orc:2    | Identified a +0 giant spiked club
 24395 | Orc:2    | Identified a +0 giant spiked club
 24426 | Orc:2    | Bought a potion of might for 52 gold pieces
 24426 | Orc:2    | Bought a potion of heal wounds for 65 gold pieces
 24426 | Orc:2    | Bought a potion of invisibility for 104 gold pieces
 24483 | Orc:1    | Identified a cursed -2 club
 24483 | Orc:1    | Identified a +0 leather armour
 24485 | Orc:1    | Identified a +0 morningstar
 24485 | Orc:1    | Identified a +0 chain mail
 24486 | Orc:1    | Identified a +0 dagger
 24486 | Orc:1    | Identified a +0 robe
 24487 | Orc:1    | Identified a +0 leather armour
 24520 | Orc:1    | Identified a +0 dagger
 24520 | Orc:1    | Identified a +0 robe
 24520 | Orc:1    | Identified a +0 long sword
 24520 | Orc:1    | Identified a +0 chain mail of positive energy
 24520 | Orc:1    | Identified a +0 dagger
 24520 | Orc:1    | Identified a +0 robe
 24521 | Orc:1    | Identified a +0 dagger
 24521 | Orc:1    | Identified a +0 robe
 24522 | Orc:1    | Identified a +1 dagger of venom
 24522 | Orc:1    | Identified a +0 robe
 24522 | Orc:1    | Identified a +0 short sword
 24583 | Orc:1    | Identified a +0 giant club
 24583 | Orc:1    | Identified a +0 giant club
 24807 | Orc:2    | Identified a +0 dagger
 24807 | Orc:2    | Identified a +0 robe
 24814 | Orc:2    | Identified a +0 mace
 24814 | Orc:2    | Identified a +0 ring mail
 24816 | Orc:2    | Identified a +0 short sword
 24819 | Orc:2    | Identified a +0 ring mail
 24824 | Orc:2    | Identified a +0 giant spiked club
 24824 | Orc:2    | Identified a +0 long sword
 24824 | Orc:2    | Identified a +0 chain mail
 24829 | Orc:2    | Identified a +0 flail
 24829 | Orc:2    | Identified a +0 scale mail
 24829 | Orc:2    | Identified a +0 mace
 24831 | Orc:2    | Identified a +0 flail
 24831 | Orc:2    | Identified a +0 ring mail
 24901 | Orc:2    | Found a roughly hewn altar of Beogh.
 25192 | Orc:2    | Identified a +0 whip
 25192 | Orc:2    | Identified a +0 ring mail
 25192 | Orc:2    | Identified a +0 dagger
 25194 | Orc:2    | Identified a +0 dagger
 25194 | Orc:2    | Identified a +0 robe
 25202 | Orc:2    | Identified a +0 dagger
 25202 | Orc:2    | Identified a +0 robe
 25208 | Orc:2    | Identified a cursed -2 halberd
 25208 | Orc:2    | Identified a +0 plate armour
 25209 | Orc:2    | Identified a +0 scimitar
 25209 | Orc:2    | Identified a +0 chain mail
 25210 | Orc:2    | Identified a +0 glaive
 25210 | Orc:2    | Identified a +0 plate armour
 25215 | Orc:2    | Found Cafats's Antique Armour Boutique.
 25216 | Orc:2    | Identified a +0 war axe
 25219 | Orc:2    | Identified a +0 hand axe
 25219 | Orc:2    | Identified a +0 ring mail
 25220 | Orc:2    | Identified a +0 dagger
 25220 | Orc:2    | Identified a +1 robe of magic resistance
 25220 | Orc:2    | Identified a +0 mace
 25220 | Orc:2    | Identified a +0 chain mail
 25223 | Orc:2    | Identified a +0 mace
 25223 | Orc:2    | Identified a +0 chain mail
 25226 | Orc:2    | Identified a +2 dire flail of holy wrath
 25226 | Orc:2    | Identified a +0 arbalest
 25226 | Orc:2    | Identified a +2 plate armour of poison resistance
 25227 | Orc:2    | Identified a +0 dagger
 25227 | Orc:2    | Identified a +0 robe
 25233 | Orc:2    | Identified a +0 falchion
 25235 | Orc:2    | Identified a +0 long sword
 25235 | Orc:2    | Identified a +0 plate armour
 25237 | Orc:2    | Identified a +0 dagger
 25237 | Orc:2    | Identified a +0 robe
 25241 | Orc:2    | Identified a +0 dagger
 25241 | Orc:2    | Identified a +0 robe
 25242 | Orc:2    | Identified a cursed -2 glaive
 25242 | Orc:2    | Identified a +0 ring mail
 25244 | Orc:2    | Identified a +0 war axe
 25244 | Orc:2    | Identified a +0 plate armour
 25249 | Orc:2    | Identified a +0 dagger
 25249 | Orc:2    | Identified a +0 robe
 25250 | Orc:2    | Found Sureariec's Jewellery Emporium.
 25250 | Orc:2    | Identified a +0 dire flail
 25250 | Orc:2    | Identified a +0 halberd
 25250 | Orc:2    | Identified a +0 plate armour
 25250 | Orc:2    | Identified a +1 battleaxe of venom
 25250 | Orc:2    | Identified a +0 plate armour
 25576 | Orc:2    | Received a gift from Okawaru
 25644 | Orc:2    | Identified a +0 broad axe of venom (Okawaru gifted it to
                  | you on level 2 of the Orcish Mines)
 25650 | Orc:2    | Identified a +0 dagger
 25650 | Orc:2    | Identified a +0 robe
 25740 | Orc:2    | Found Hesath's Jewellery Boutique.
 25741 | Orc:2    | Found Rack's Distillery.
 25756 | Orc:2    | Bought a potion of heal wounds for 65 gold pieces
 25813 | Orc:2    | Bought an uncursed ring of poison resistance for 260 gold
                  | pieces
 25880 | Orc:1    | Identified a +3 scale mail of cold resistance
 25884 | Orc:1    | Identified a +0 battleaxe
 25884 | Orc:1    | Identified a +0 plate armour
 25884 | Orc:1    | Identified a +0 dagger
 25884 | Orc:1    | Identified a +0 ring mail
 25885 | Orc:1    | Identified a +0 trident
 25887 | Orc:1    | Identified a +0 dagger
 25887 | Orc:1    | Identified a +0 robe
 25924 | Orc:1    | Identified a +0 giant club
 25928 | Orc:1    | Identified a +0 giant club
 25938 | Orc:1    | Identified a +2 hat of magic resistance
 25938 | Orc:1    | Noticed Gastronok
 25958 | Orc:1    | Killed Gastronok
 26249 | D:11     | Reached skill level 13 in Invocations
 26622 | D:11     | Identified a scroll of torment
 26624 | D:11     | Got a translucent ring mail
 26635 | D:11     | Identified the cursed +0 ring mail of Sutwuta {+Inv Str+4
                  | Dex+4 Stlth-} (You found it on level 11 of the Dungeon)
 27284 | D:12     | Identified a +0 dagger
 27284 | D:12     | Identified a cursed +0 ring mail
 27296 | D:12     | Identified a +0 scale mail
 27296 | D:12     | Identified a +0 flail
 27296 | D:12     | Identified a +0 ring mail
 27297 | D:12     | Identified a +0 flail
 27336 | D:12     | Identified a +0 shortbow
 27356 | D:12     | Identified a +0 club
 27358 | D:12     | Identified a +0 dagger
 27358 | D:12     | Identified a +0 dagger
 27359 | D:12     | Identified a +0 club
 27375 | D:12     | Identified a +0 mace
 27375 | D:12     | Identified a +0 scale mail
 27399 | D:12     | Reached skill level 6 in Evocations
 27485 | D:12     | Identified a +0 scythe
 27485 | D:12     | Identified a +0 shortbow
 27526 | D:12     | Identified a ring of teleportation (You found it on level
                  | 12 of the Dungeon)
 27538 | D:12     | Found a portal to a secret trove of treasure.
 27566 | D:12     | Identified a +0 troll leather armour
 27570 | D:12     | You paid a toll of 4 potions of resistance to enter a
                  | treasure trove
 27571 | Trove    | Entered a treasure trove
 27574 | Trove    | Found the +0 mask of the Dragon {MR+ Slay+3 SInv}
 27609 | Trove    | Got a pair of warped boots
 27611 | Trove    | Got a jewelled buckler
 27618 | Trove    | Found the +3 crown of Dyrovepreva {rElec Int+2 SInv}
 27621 | Trove    | Got a polished kite shield
 27653 | D:12     | Identified a +1 cloak of poison resistance (You found it in
                  | a treasure trove)
 27663 | D:12     | Identified the +2 kite shield of the Untouchables {+Inv MR+
                  | Regen+} (You found it in a treasure trove)
 27673 | D:12     | Identified the +0 pair of boots of the Okapi {Dex+3} (You
                  | found it in a treasure trove)
 27683 | D:12     | Identified a +0 pair of gloves of archery (You found it in
                  | a treasure trove)
 27693 | D:12     | Identified a +2 pair of gloves of strength (You found it in
                  | a treasure trove)
 27703 | D:12     | Identified a +2 plate armour of fire resistance (You found
                  | it in a treasure trove)
 27713 | D:12     | Identified a +10 plate armour of ponderousness (You found
                  | it in a treasure trove)
 27726 | D:12     | Identified a +2 chain mail of fire resistance (You found it
                  | in a treasure trove)
 28295 | D:12     | Identified a +4 short sword of draining
 28342 | D:13     | HP: 33/137 [catoblepas (16)]
 28345 | D:13     | HP: 16/137 [catoblepas (19)]
 28351 | D:13     | Received a gift from Okawaru
 28357 | D:13     | Identified a +0 shortbow
 28357 | D:13     | HP: 15/137 [centaur warrior/arrow (4)]
 28357 | D:13     | Identified a cursed -2 flail
 28357 | D:13     | Identified a +2 scale mail of poison resistance
 28357 | D:13     | Identified a +0 dagger
 28357 | D:13     | Identified a +0 robe
 28358 | D:13     | Identified a +0 shortbow
 28358 | D:13     | Identified a +0 shortbow
 28358 | D:13     | Identified a cursed -1 shortbow
 28359 | D:13     | Identified a +0 shortbow
 28360 | D:13     | Identified a +0 dire flail
 28360 | D:13     | Identified a +0 chain mail
 28661 | D:13     | Found a gate leading to a gauntlet.
 28661 | D:13     | Identified a +0 shortbow
 28661 | D:13     | Identified a cursed -1 shortbow
 28681 | D:13     | Identified a potion of cancellation
 28681 | D:13     | Identified a potion of ambrosia
 28685 | Gauntlet | Entered a Gauntlet
 28685 | Gauntlet | Found a transporter.
 28696 | Gauntlet | Found a transporter.
 28711 | Gauntlet | Found a transporter.
 28716 | Gauntlet | Found a transporter.
 28737 | Gauntlet | Found a transporter.
 28749 | Gauntlet | Found the ring of Robustness {AC+8}
 28750 | Gauntlet | Found a transporter.
 28761 | Gauntlet | Noticed an entropy weaver
 28762 | Gauntlet | Found a transporter.
 28774 | Gauntlet | Found a transporter.
 28782 | Gauntlet | Found a large runed translucent door.
 28783 | Gauntlet | Found a large runed translucent door.
 28784 | Gauntlet | Found a large runed translucent door.
 28784 | Gauntlet | Found a large runed translucent door.
 28785 | Gauntlet | Found a runed translucent gate.
 28786 | Gauntlet | Found a transporter.
 28786 | Gauntlet | Found a runed translucent gate.
 28787 | Gauntlet | Found a runed translucent gate.
 28788 | Gauntlet | Found a large runed translucent door.
 28788 | Gauntlet | Found a large runed translucent door.
 28789 | Gauntlet | Found a large runed translucent door.
 28790 | Gauntlet | Found a large runed translucent door.
 28798 | Gauntlet | Found a transporter.
 28800 | Gauntlet | Found a large runed translucent door.
 28800 | Gauntlet | Found a large runed translucent door.
 28800 | Gauntlet | Found a runed translucent door.
 28800 | Gauntlet | Found a runed translucent door.
 28801 | Gauntlet | Found a large runed translucent door.
 28802 | Gauntlet | Found a large runed translucent door.
 28804 | Gauntlet | Found a transporter.
 28804 | Gauntlet | Found a transporter.
 28847 | Gauntlet | Found a transporter.
 28847 | Gauntlet | Found a large runed translucent door.
 28847 | Gauntlet | Found a large runed translucent door.
 28848 | Gauntlet | Found a large runed translucent door.
 28873 | Gauntlet | Found a transporter.
 28875 | Gauntlet | Found a transporter.
 28877 | Gauntlet | Found a transporter.
 28899 | Gauntlet | Found a transporter.
 28901 | Gauntlet | Found a transporter.
 29019 | Gauntlet | Found a large runed translucent door.
 29309 | Gauntlet | Identified an amulet of magic regeneration (You found it in
                  | a Gauntlet)
 29346 | Gauntlet | Got a pair of masterwork gloves
 29357 | Gauntlet | Identified the +1 pair of gloves of Modesty {rPois} (You
                  | found it in a Gauntlet)
 29442 | Gauntlet | Reached skill level 16 in Axes
 29482 | Gauntlet | Identified a +0 plate armour
 29571 | D:13     | Identified a +0 shortbow
 29785 | D:13     | Got a dazzling broad axe {god gift}
 29786 | D:13     | Identified the +8 broad axe "Hill Orc's Foe" {antimagic,
                  | Str+5 Dex-2} (Okawaru gifted it to you on level 13 of the
                  | Dungeon)
 29831 | D:13     | Identified a +0 dagger of venom
 29831 | D:13     | Identified a +0 robe
 29832 | D:13     | Identified a +0 dagger
 29832 | D:13     | Identified a +0 robe
 29832 | D:13     | Identified a +0 dagger
 29836 | D:13     | Identified a +0 short sword
 29837 | D:13     | Identified a +0 hand axe
 29919 | D:13     | Identified a +0 shortbow
 29977 | D:13     | Identified a +0 dagger
 29977 | D:13     | Identified a +0 robe
 29979 | D:13     | Identified a +0 dagger
 29979 | D:13     | Identified a +0 robe
 29980 | D:13     | Identified a +0 battleaxe
 29980 | D:13     | Identified a +0 chain mail
 29982 | D:13     | Identified a +2 dagger of electrocution
 30095 | D:13     | Identified a +0 short sword
 30095 | D:13     | Identified a +0 leather armour
 30390 | D:13     | Identified a ring of flight (You found it in a Gauntlet)
 30434 | D:13     | Found Ykhux's Weapon Shop.
 30698 | D:14     | Found a transporter.
 30708 | D:14     | Identified a +0 shortbow
 30708 | D:14     | Identified a +0 shortbow
 30708 | D:14     | Identified a +0 shortbow
 30708 | D:14     | Identified a +0 longbow
 30717 | D:14     | Identified a +0 shortbow
 30717 | D:14     | Identified a cursed -1 shortbow
 30718 | D:14     | Received a gift from Okawaru
 30792 | D:14     | Noticed Pios Xaciraj's ghost (journeyman DgWz)
 30804 | D:14     | Identified a ring of intelligence (You found it on level 13
                  | of the Dungeon)
 30814 | D:14     | Found a transporter.
 30849 | D:14     | Found Uwew's Distillery.
 30858 | D:14     | Bought 2 potions of cancellation for 224 gold pieces
 30873 | D:14     | Identified a +0 dire flail
 30873 | D:14     | Identified a +0 plate armour
 30873 | D:14     | Identified a +0 dagger
 30873 | D:14     | Identified a +0 longbow
 30873 | D:14     | Identified a +0 leather armour
 30902 | D:14     | Identified a +0 glaive
 30902 | D:14     | Identified a +0 plate armour
 30910 | D:14     | Identified a +0 short sword
 30910 | D:14     | Identified a +0 arbalest
 30910 | D:14     | Identified a +0 ring mail
 30924 | D:14     | Identified a +0 arbalest
 30924 | D:14     | Identified a cursed -2 broad axe
 30924 | D:14     | Identified a +0 plate armour
 30928 | D:14     | Identified a +0 dagger
 30928 | D:14     | Identified a +0 robe
 30930 | D:14     | Identified a +0 dagger
 30930 | D:14     | Identified a +2 robe of magic resistance
 30941 | D:14     | Reached skill level 14 in Armour
 30958 | D:14     | Received a gift from Okawaru
 30958 | D:14     | Reached XP level 17. HP: 134/145 MP: 27/27
 31018 | D:14     | Found a gate to the Vaults.
 31018 | D:14     | Identified a +0 dire flail
 31018 | D:14     | Identified a +0 chain mail
 31020 | D:14     | Identified a +1 great sword of holy wrath
 31020 | D:14     | Identified a +0 chain mail
 31026 | D:14     | Reached skill level 10 in Crossbows
 31228 | D:14     | Identified a +0 dagger
 31228 | D:14     | Identified a +0 robe
 31228 | D:14     | Identified a +0 morningstar
 31228 | D:14     | Identified a +0 chain mail
 31228 | D:14     | Identified a +3 hand axe of flaming
 31280 | D:14     | Identified a +0 falchion
 31280 | D:14     | Identified a +0 hand axe
 31280 | D:14     | Identified a +0 ring mail
 31282 | D:14     | Identified a +1 short sword of venom
 31282 | D:14     | Identified a +0 chain mail
 31284 | D:14     | Identified a +0 dagger
 31284 | D:14     | Identified a +0 robe
 31286 | D:14     | Identified a +0 troll leather armour
 31293 | D:14     | Identified a +0 club
 31344 | D:15     | Entered Level 15 of the Dungeon
 31355 | D:15     | Identified a scroll of silence
 31356 | D:15     | Identified the +4 war axe "Noraef" {drain, Int+2} (You
                  | found it on level 15 of the Dungeon)
 31389 | D:15     | Identified a +0 shortbow
 31517 | D:15     | Reached skill level 14 in Invocations
 31538 | D:15     | Identified a +0 shortbow
 31556 | D:15     | Reached skill level 7 in Evocations
 31587 | D:15     | Found a frozen archway.
 31599 | IceCv    | Entered an ice cave
 31732 | IceCv    | Identified a +2 pair of gloves of dexterity (You found it
                  | in an ice cave)
 31813 | IceCv    | Identified a +0 scythe of freezing
 32192 | D:15     | Identified a +0 dagger
 32192 | D:15     | Identified a +0 robe
 32192 | D:15     | Identified a +0 mace
 32192 | D:15     | Identified a +0 plate armour
 32193 | D:15     | Identified a +0 dagger
 32207 | D:15     | Identified a +0 hand axe
 32207 | D:15     | Identified a +0 ring mail
 32208 | D:15     | Identified a +0 dagger
 32220 | D:15     | Identified a cursed -2 club
 32220 | D:15     | Identified a +0 ring mail
 32224 | D:15     | Identified a +0 whip
 32224 | D:15     | Identified a +0 ring mail
 32228 | D:15     | Identified a +0 trident
 32228 | D:15     | Identified a +0 chain mail
 32228 | D:15     | Identified a +0 flail
 32228 | D:15     | Identified a +0 leather armour
 32357 | D:15     | Identified a +0 dagger
 32357 | D:15     | Identified a +0 scale mail
 32368 | D:15     | Identified a +0 hand axe
 32368 | D:15     | Identified a +0 chain mail
 32371 | D:15     | Identified a +0 hand axe
 32372 | D:15     | Identified a +0 flail
 32372 | D:15     | Identified a +0 leather armour
 32466 | D:15     | Received a gift from Okawaru
 32466 | D:15     | Reached skill level 8 in Dodging
 32471 | D:15     | Reached skill level 11 in Shields
 32475 | D:15     | Found a staircase to the Depths.
 32478 | D:15     | Identified a +5 broad axe of draining (Okawaru gifted it to
                  | you on level 15 of the Dungeon)
 32557 | D:15     | Identified a +0 flail
 32950 | Snake:1  | Entered Level 1 of the Snake Pit
 32950 | Snake:1  | Identified a +0 eveningstar of draining
 32950 | Snake:1  | Identified a +0 chain mail
 32950 | Snake:1  | Identified a +0 tower shield
 32950 | Snake:1  | Noticed Louise
 32968 | Snake:1  | Killed Louise
 32968 | Snake:1  | Reached skill level 12 in Fighting
 32977 | Snake:1  | Identified a +0 dire flail
 33039 | Snake:1  | Identified a +4 lajatang of venom
 33039 | Snake:1  | Identified a +2 robe of magic resistance
 33039 | Snake:1  | Noticed Agnes
 33052 | Lair:3   | Killed Agnes
 33083 | Snake:1  | Reached skill level 8 in Evocations
 33091 | Snake:1  | Identified a +0 long sword
 33091 | Snake:1  | Identified a +0 robe
 33098 | Snake:1  | Identified a +1 scimitar of venom
 33098 | Snake:1  | Identified a +0 robe
 33100 | Snake:1  | Identified a +0 dagger of venom
 33100 | Snake:1  | Identified a +0 robe
 33194 | Snake:1  | Identified a +0 trident
 33195 | Snake:1  | Identified a cursed +0 short sword
 33195 | Snake:1  | Identified a +0 kite shield
 33198 | Snake:1  | Identified a +0 trident
 33198 | Snake:1  | Identified a +0 robe
 33202 | Snake:1  | Identified a +0 short sword
 33203 | Snake:1  | Received a gift from Okawaru
 33292 | Snake:1  | Identified a cursed -2 halberd
 33340 | Snake:1  | Identified a +0 dire flail of holy wrath
 33485 | Snake:1  | Identified a +0 scimitar
 33511 | Snake:1  | Found Lihuiba's Food Shop.
 33526 | Snake:1  | Identified a +0 hand axe
 33529 | Snake:1  | Identified a +0 halberd
 33529 | Snake:1  | Identified a cursed -2 robe
 33538 | Snake:1  | Identified a +2 dagger of venom
 33538 | Snake:1  | Identified a +0 robe
 33541 | Snake:1  | Received a gift from Okawaru
 33544 | Snake:1  | Reached skill level 15 in Invocations
 33554 | Snake:1  | Identified a +3 dagger of venom
 33554 | Snake:1  | Identified a +0 robe
 33659 | Snake:1  | Identified a scroll of vulnerability
 33680 | Snake:1  | Identified a +0 dire flail
 33712 | Snake:1  | Found Tidwej's Weapon Shop.
 33715 | Snake:1  | Identified a +0 glaive
 33989 | Snake:1  | Found Vautzara's Antique Weapon Shop.
 34151 | Snake:2  | Identified a +0 long sword
 34151 | Snake:2  | Identified a -3 shortbow
 34151 | Snake:2  | Identified a +0 robe
 34223 | Snake:2  | Identified a +0 glaive
 34248 | Snake:2  | Identified a +0 shortbow of flaming
 34283 | Snake:2  | Identified a +0 quarterstaff
 34283 | Snake:2  | Identified a +0 robe
 34283 | Snake:2  | Identified a +0 halberd
 34286 | Snake:2  | Identified a +1 vampiric trident
 34288 | Snake:2  | Received a gift from Okawaru
 34338 | Snake:2  | Identified a +0 long sword
 34338 | Snake:2  | Identified a cursed +0 robe
 34344 | Snake:2  | Identified a +0 long sword
 34344 | Snake:2  | Identified a cursed +0 robe
 34353 | Snake:2  | Reached skill level 15 in Armour
 34438 | Snake:2  | Identified a +0 flail
 34438 | Snake:2  | Identified a cursed +0 tower shield
 34518 | Snake:2  | Found Tirennefe's Gadget Boutique.
 34519 | Snake:2  | Found Lukkuhug's Jewellery Shoppe.
 34519 | Snake:2  | Found Caem's Jewellery Shoppe.
 34571 | Snake:2  | Received a gift from Okawaru
 34623 | Snake:2  | Identified a +0 trident
 34624 | Snake:2  | Identified a +0 glaive
 34624 | Snake:2  | Identified a +0 robe
 34624 | Snake:2  | Identified a +0 whip
 34625 | Snake:2  | Identified a +0 battleaxe
 34625 | Snake:2  | Identified a +0 long sword
 34629 | Snake:2  | Identified a +4 halberd
 34634 | Snake:2  | Identified a +0 quarterstaff
 34634 | Snake:2  | Identified a +0 robe
 34651 | Snake:2  | Reached XP level 18. HP: 152/155 MP: 29/29
 34716 | Snake:2  | Identified a +0 halberd of venom
 34716 | Snake:2  | Identified a +0 glaive
 34932 | Snake:2  | Identified a +0 long sword
 35003 | Snake:3  | Identified a +0 spear
 35003 | Snake:3  | Identified a +0 robe
 35007 | Snake:3  | Identified a +1 trident
 35010 | Snake:3  | Reached skill level 9 in Evocations
 35020 | Snake:3  | Identified a cursed +0 club
 35020 | Snake:3  | Identified a +0 hand axe
 35020 | Snake:3  | Identified a +0 shortbow
 35021 | Snake:3  | Identified a +0 short sword
 35021 | Snake:3  | Identified a +0 robe
 35023 | Snake:3  | Identified a +0 flail
 35203 | Snake:3  | Identified a +0 flail
 35215 | Snake:3  | Identified a +0 scimitar
 35215 | Snake:3  | Identified a +0 robe
 35273 | Snake:3  | Identified a +0 long sword
 35273 | Snake:3  | Identified a +0 robe
 35493 | Snake:4  | Entered Level 4 of the Snake Pit
 35693 | Snake:4  | Identified a +0 club
 35693 | Snake:4  | Identified a +0 robe
 35729 | Snake:4  | Identified a +0 double sword of holy wrath
 35729 | Snake:4  | Identified a +0 chain mail
 35729 | Snake:4  | Identified a +0 kite shield
 35729 | Snake:4  | Noticed Donald
 35741 | Snake:4  | Killed Donald
 35756 | Snake:4  | Identified a +0 glaive
 35756 | Snake:4  | Identified a +0 robe
 35914 | Snake:4  | Identified a +0 halberd
 35914 | Snake:4  | Identified a cursed +0 robe
 35914 | Snake:4  | Identified a +0 trident
 35917 | Snake:4  | Identified a +0 halberd
 35917 | Snake:4  | Identified a +0 robe
 35919 | Snake:4  | Identified a +0 halberd
 35924 | Snake:4  | Identified a +1 hand axe of venom
 35926 | Snake:4  | Identified a +0 short sword
 35926 | Snake:4  | Identified a +0 robe
 35932 | Snake:4  | Received a gift from Okawaru
 35932 | Snake:4  | Identified a +0 short sword
 35932 | Snake:4  | Identified a +2 vorpal longbow
 35932 | Snake:4  | Identified a +0 robe
 35934 | Snake:4  | Identified a +0 long sword
 35935 | Snake:4  | Identified a +0 whip
 35935 | Snake:4  | Identified a +2 robe of cold resistance
 35941 | Snake:4  | Identified a +0 scimitar
 35943 | Snake:4  | Identified a +0 war axe
 35945 | Snake:4  | Identified a +0 spear
 35945 | Snake:4  | Identified a +2 robe of the Archmagi
 35946 | Snake:4  | Identified a +0 short sword
 35946 | Snake:4  | Identified a cursed +0 robe
 35946 | Snake:4  | Identified a +0 dagger of venom
 35946 | Snake:4  | Identified a +0 robe
 35953 | Snake:4  | Identified a +0 glaive
 35957 | Snake:4  | Identified a +0 scimitar
 35958 | Snake:4  | Identified a +0 dire flail
 35958 | Snake:4  | Identified a +0 robe
 35992 | Snake:4  | Received a gift from Okawaru
 36154 | Snake:4  | Identified a +3 trident of flaming
 36154 | Snake:4  | Identified a +0 longbow
 36154 | Snake:4  | Identified a +0 naga barding of cold resistance
 36154 | Snake:4  | Noticed Vashnia
 36169 | Snake:4  | Killed Vashnia
 36169 | Snake:4  | Reached skill level 16 in Invocations
 36182 | Snake:4  | Identified a +0 trident
 36194 | Snake:4  | Identified a +0 short sword
 36199 | Snake:4  | Identified a cursed -2 battleaxe
 36206 | Snake:4  | Identified a +0 dagger of venom
 36206 | Snake:4  | Identified a +0 robe
 36291 | Snake:4  | Identified a +0 glaive
 36297 | Snake:4  | Identified a +0 quarterstaff
 36297 | Snake:4  | Identified a +0 robe
 36462 | Snake:4  | Identified a +0 scimitar
 36462 | Snake:4  | Identified a +0 robe
 36495 | Snake:4  | Identified a +0 flail
 36574 | Snake:4  | Identified a +0 short sword
 36587 | Snake:4  | Identified a +0 club
 36620 | Snake:4  | Identified a +0 dire flail
 36621 | Snake:4  | Identified a +0 halberd
 36621 | Snake:4  | Identified a +0 halberd of freezing
 36621 | Snake:4  | Identified a +0 robe
 36623 | Snake:4  | Identified a +0 glaive
 36623 | Snake:4  | Identified a +0 trident
 36623 | Snake:4  | Identified a +0 kite shield
 36630 | Snake:4  | Reached skill level 10 in Evocations
 36634 | Snake:4  | Identified a +0 glaive
 36634 | Snake:4  | Identified a +0 robe
 36657 | Snake:4  | Identified a +0 halberd
 36660 | Snake:4  | Received a gift from Okawaru
 36690 | Snake:4  | Identified a +0 flail of holy wrath
 36690 | Snake:4  | Identified a +0 robe
 36692 | Snake:4  | Reached skill level 13 in Fighting
 36692 | Snake:4  | Reached skill level 12 in Shields
 36715 | Snake:4  | Reached skill level 9 in Dodging
 36732 | Snake:4  | Identified a +0 halberd
 36907 | Snake:4  | Identified a +0 long sword
 36919 | Snake:4  | Identified a +0 halberd
 36919 | Snake:4  | Identified a +0 arbalest
 36919 | Snake:4  | Identified a +0 robe
 36920 | Snake:4  | Identified a +0 long sword
 36920 | Snake:4  | Identified a +0 arbalest
 36943 | Snake:4  | Identified a +1 dagger of venom
 36943 | Snake:4  | Identified a +0 robe
 36973 | Snake:4  | Identified a +0 broad axe
 36988 | Snake:4  | Identified a +7 vorpal war axe (Okawaru gifted it to you on
                  | level 4 of the Snake Pit)
 37009 | Snake:4  | Identified a +0 war axe
 37014 | Snake:4  | Identified a cursed -2 club
 37014 | Snake:4  | Identified a +0 robe
 37016 | Snake:4  | Identified a +0 vorpal halberd
 37016 | Snake:4  | Identified a +0 robe
 37046 | Snake:4  | Identified a +0 war axe
 37046 | Snake:4  | Identified a +3 shortbow
 37049 | Snake:4  | Identified a +2 quarterstaff of protection
 37049 | Snake:4  | Identified a +0 robe
 37055 | Snake:4  | Identified a +0 hand axe
 37055 | Snake:4  | Identified a +0 shortbow
 37056 | Snake:4  | Identified a +0 long sword
 37056 | Snake:4  | Identified a +0 shortbow
 37056 | Snake:4  | Identified a +0 robe
 37086 | Snake:4  | Identified a +0 spear
 37086 | Snake:4  | Identified a +0 robe
 37095 | Snake:4  | Identified a +0 halberd
 37095 | Snake:4  | Identified a +0 robe
 37176 | Snake:4  | Got a serpentine rune of Zot
 37229 | Snake:4  | Identified a +2 scimitar of venom
 37229 | Snake:4  | Identified a +0 robe
 37237 | Snake:4  | Identified a +0 halberd
 37239 | Snake:4  | Identified a +0 dagger of venom
 37239 | Snake:4  | Identified a +0 robe
 37449 | Snake:4  | Identified a +0 battleaxe
 37760 | Shoals:1 | Entered Level 1 of the Shoals
 37824 | Shoals:1 | Identified a +0 trident
 37836 | Shoals:1 | Received a gift from Okawaru
 37849 | Shoals:1 | Reached skill level 16 in Armour
 37944 | Shoals:1 | Identified a +0 spear
 37979 | Shoals:1 | Reached XP level 19. HP: 163/163 MP: 31/31
 38104 | Shoals:1 | Identified a +0 trident
 38105 | Shoals:1 | Identified a +3 rapier of speed
 38105 | Shoals:1 | Identified a +0 robe
 38106 | Shoals:1 | Identified a cursed -2 trident
 38129 | Shoals:1 | Identified a +0 trident
 38132 | Shoals:1 | Identified a +0 halberd
 38133 | Shoals:1 | Identified a +1 vampiric trident
 38133 | Shoals:1 | Identified a +2 robe of resistance
 38133 | Shoals:1 | Identified a +4 spear
 38227 | Shoals:1 | Identified a +0 trident
 38302 | Shoals:1 | Identified a +0 trident
 38695 | Shoals:2 | Identified a +0 trident
 38772 | Shoals:2 | Identified a +0 spear
 38772 | Shoals:2 | Identified a +2 hunting sling of flaming
 38775 | Shoals:2 | Identified a +0 quarterstaff
 38775 | Shoals:2 | Identified a -1 fustibalus
 38776 | Shoals:2 | Identified a +0 spear
 38776 | Shoals:2 | Identified a +0 hunting sling
 38777 | Shoals:2 | Identified a +0 spear
 38777 | Shoals:2 | Identified a +0 hunting sling
 38807 | Shoals:2 | Identified a +0 club
 38807 | Shoals:2 | Identified a +0 vorpal hunting sling
 38807 | Shoals:2 | Identified a +1 rapier of venom
 38807 | Shoals:2 | Identified a +0 robe
 38810 | Shoals:2 | Identified a +0 spear
 38812 | Shoals:2 | Identified a +0 quarterstaff
 38812 | Shoals:2 | Identified a +0 hunting sling
 38840 | Shoals:2 | Identified a +0 club
 38840 | Shoals:2 | Identified a +0 hunting sling
 38905 | Shoals:2 | Identified a +0 quarterstaff
 38905 | Shoals:2 | Identified a +0 hunting sling
 38926 | Shoals:2 | Identified a +0 trident
 38995 | Shoals:2 | Identified a +0 spear
 39294 | Shoals:3 | Received a gift from Okawaru
 39299 | Shoals:3 | Identified a +0 trident
 39435 | Shoals:3 | Found Cuve's Book Emporium.
 39551 | Shoals:3 | Identified a +0 spear
 39555 | Shoals:3 | Reached skill level 17 in Invocations
 39594 | Shoals:3 | Identified a +2 trident of freezing
 39625 | Shoals:4 | Entered Level 4 of the Shoals
 39625 | Shoals:4 | Identified a +0 trident
 39625 | Shoals:4 | Identified a +0 trident
 39648 | Shoals:4 | Reached skill level 11 in Evocations
 39677 | Shoals:4 | Identified a +0 spear of venom
 39677 | Shoals:4 | Identified a +0 leather armour
 39677 | Shoals:4 | Identified a +0 trident
 39677 | Shoals:4 | Identified a +0 trident
 39716 | Shoals:4 | Identified a +1 vampiric trident
 39741 | Shoals:4 | Identified a +0 trident
 39980 | Shoals:4 | Identified a +2 trident of protection
 39980 | Shoals:4 | Identified a +0 robe
 39980 | Shoals:4 | Identified a +1 vorpal trident
 39980 | Shoals:4 | Identified a +0 leather armour
 39980 | Shoals:4 | Identified a +0 rapier
 39980 | Shoals:4 | Identified a +0 robe
 39980 | Shoals:4 | Identified a +0 trident
 39980 | Shoals:4 | Identified a +0 spear
 39980 | Shoals:4 | Identified a +0 leather armour
 39990 | Shoals:4 | Got a barnacled rune of Zot
 40069 | Shoals:3 | Identified a +0 spear
 40095 | Shoals:3 | Identified a +0 trident
 40140 | Shoals:3 | Identified a +2 spear of flaming
 40140 | Shoals:3 | Identified a +0 leather armour
 40140 | Shoals:3 | Identified a cursed -2 trident
 40140 | Shoals:3 | Identified a +0 trident of venom
 40187 | Shoals:3 | Identified a +1 vorpal trident
 40187 | Shoals:3 | Identified a +0 robe
 40187 | Shoals:3 | Identified a +0 trident
 40187 | Shoals:3 | Identified a +0 glaive
 40189 | Shoals:3 | Identified a +0 shortbow
 40192 | Shoals:3 | Identified a +0 spear
 40192 | Shoals:3 | Identified a +0 spear
 40511 | Vaults:1 | Entered Level 1 of the Vaults
 40511 | Vaults:1 | Identified a +2 great sword of protection
 40511 | Vaults:1 | Identified a +0 arbalest
 40511 | Vaults:1 | Identified a +0 plate armour
 40511 | Vaults:1 | Identified a +0 arbalest
 40511 | Vaults:1 | Identified a +0 arbalest
 40511 | Vaults:1 | Identified a +0 arbalest
 40517 | Vaults:1 | Received a gift from Okawaru
 40552 | Vaults:1 | Identified a ring of evasion (You found it on level 1 of
                  | the Vaults)
 40578 | Vaults:1 | Identified a +2 morningstar of holy wrath
 40578 | Vaults:1 | Identified a +0 ring mail
 40578 | Vaults:1 | Identified a +0 great mace
 40578 | Vaults:1 | Identified a +0 chain mail
 40578 | Vaults:1 | Identified a +0 broad axe
 40578 | Vaults:1 | Identified a +0 chain mail
 40579 | Vaults:1 | Identified a +0 great mace
 40579 | Vaults:1 | Identified a +0 ring mail
 40579 | Vaults:1 | Identified a +0 great sword
 40579 | Vaults:1 | Identified a +0 chain mail
 40598 | Vaults:1 | Identified a +0 scimitar
 40599 | Vaults:1 | Identified a +0 battleaxe
 40599 | Vaults:1 | Identified a +0 chain mail
 40599 | Vaults:1 | Identified a +0 long sword
 40599 | Vaults:1 | Identified a +0 robe
 40621 | Vaults:1 | Received a gift from Okawaru
 40635 | Vaults:1 | Identified the +3 broad axe of the Forest {elec, MR+ Str+2}
                  | (Okawaru gifted it to you on level 1 of the Vaults)
 40678 | Vaults:1 | Identified a +0 great mace
 40678 | Vaults:1 | Identified a cursed +0 scale mail
 40720 | Vaults:1 | Noticed an entropy weaver
 40728 | Vaults:1 | Killed an entropy weaver
 40793 | Vaults:1 | Identified a +0 dagger of draining
 40793 | Vaults:1 | Identified a +0 robe
 40793 | Vaults:1 | Identified a +0 dagger
 40793 | Vaults:1 | Identified a +0 leather armour
 40796 | Vaults:1 | Identified a cursed -1 club
 40815 | Vaults:1 | Identified a +1 great sword
 40815 | Vaults:1 | Identified a +0 arbalest
 40815 | Vaults:1 | Identified a +0 chain mail
 40817 | Vaults:1 | Identified a +0 mace
 40817 | Vaults:1 | Identified a +0 plate armour
 40821 | Vaults:1 | Identified a +0 dagger
 40821 | Vaults:1 | Identified a +0 robe
 40852 | Vaults:1 | Identified a +0 giant club
 40852 | Vaults:1 | Identified a +0 dire flail
 40852 | Vaults:1 | Identified a +4 plate armour
 40864 | Vaults:1 | Identified a +0 glaive
 40864 | Vaults:1 | Identified a +0 chain mail
 40864 | Vaults:1 | Identified a +0 flail
 40966 | Vaults:1 | Identified a +0 short sword
 40966 | Vaults:1 | Identified a +0 leather armour
 40966 | Vaults:1 | Identified a +0 buckler
 41097 | Vaults:1 | Identified a +0 spear
 41097 | Vaults:1 | Identified a +0 robe
 41097 | Vaults:1 | Identified a +0 giant spiked club
 41097 | Vaults:1 | Identified a +0 giant spiked club
 41099 | Vaults:1 | Identified a +0 giant club
 41099 | Vaults:1 | Identified a +0 giant club
 41099 | Vaults:1 | Identified a +0 dire flail
 41099 | Vaults:1 | Identified a +0 giant spiked club
 41105 | Vaults:1 | Identified a +0 giant club
 41286 | Vaults:1 | Identified a +0 long sword
 41286 | Vaults:1 | Identified a +0 scale mail
 41412 | Vaults:1 | Identified a +0 great mace
 41412 | Vaults:1 | Identified a +1 dire flail of draining
 41412 | Vaults:1 | Identified a +0 great sword of flaming
 41414 | Vaults:1 | Identified a +0 morningstar
 41414 | Vaults:1 | Identified a +0 ring mail
 41416 | Vaults:1 | Identified a +0 bardiche
 41416 | Vaults:1 | Identified a +0 plate armour
 41417 | Vaults:1 | Identified a +0 dire flail
 41417 | Vaults:1 | Identified a +0 scale mail
 41419 | Vaults:1 | Identified a +0 battleaxe of freezing
 41419 | Vaults:1 | Identified a +0 dagger
 41419 | Vaults:1 | Identified a +0 robe
 41421 | Vaults:1 | Identified a +3 battleaxe of electrocution
 41421 | Vaults:1 | Identified a +0 plate armour
 41421 | Vaults:1 | Identified a cursed -3 morningstar
 41421 | Vaults:1 | Identified a +0 arbalest
 41421 | Vaults:1 | Identified a +0 scale mail
 41424 | Vaults:1 | Identified a +0 whip
 41424 | Vaults:1 | Identified a +0 robe
 41432 | Vaults:1 | Identified a +1 battleaxe of electrocution
 41432 | Vaults:1 | Identified a +0 plate armour
 41434 | Vaults:1 | Identified a +0 dagger
 41434 | Vaults:1 | Identified a +0 robe
 41439 | Vaults:1 | Identified a cursed -1 arbalest
 41442 | Vaults:1 | Received a gift from Okawaru
 41446 | Vaults:1 | Reached XP level 20. HP: 70/173 MP: 29/32
 41475 | Vaults:1 | Reached skill level 17 in Armour
 41592 | Vaults:1 | Identified the +0 crystal plate armour "Iray" {rF+ MP+9}
                  | (Okawaru gifted it to you on level 1 of the Vaults)
 41669 | Vaults:1 | Identified a +4 rapier of electrocution
 41669 | Vaults:1 | Identified a +1 cloak of preservation
 41669 | Vaults:1 | Identified a +0 pair of gloves
 41669 | Vaults:1 | Noticed Nikola
 41683 | Vaults:1 | Killed Nikola
 41683 | Vaults:1 | Reached skill level 14 in Fighting
 41683 | Vaults:1 | Reached skill level 12 in Evocations
 41718 | Vaults:1 | Identified a +1 vorpal morningstar
 41718 | Vaults:1 | Identified a +0 ring mail
 41822 | Vaults:1 | Identified a +1 glaive
 41822 | Vaults:1 | Identified a +0 chain mail
 41822 | Vaults:1 | Identified a +0 arbalest
 41822 | Vaults:1 | Identified a +0 arbalest
 41823 | Vaults:1 | Identified a +0 arbalest
 41832 | Vaults:1 | Reached skill level 18 in Invocations
 41864 | Vaults:1 | Identified a +0 whip
 41864 | Vaults:1 | Identified a +0 robe
 41972 | Vaults:1 | Identified a +0 mace
 41972 | Vaults:1 | Identified a +0 glaive
 41975 | Vaults:1 | Identified a +0 flail
 42005 | Vaults:1 | Identified a +0 scimitar
 42005 | Vaults:1 | Identified a +0 chain mail
 42005 | Vaults:1 | Identified a +0 dagger
 42005 | Vaults:1 | Identified a +0 robe
 42006 | Vaults:1 | Identified a +0 war axe
 42006 | Vaults:1 | Identified a cursed -1 plate armour
 42009 | Vaults:1 | Identified a cursed -1 mace
 42010 | Vaults:1 | Identified a +0 trident
 42010 | Vaults:1 | Identified a +0 plate armour
 42042 | Vaults:1 | Identified a +0 troll leather armour
 42049 | Vaults:1 | Reached skill level 13 in Shields
 42054 | Vaults:1 | Identified a +0 troll leather armour
 42101 | Vaults:1 | Identified a +0 great mace
 42101 | Vaults:1 | Identified a +0 leather armour
 42246 | Vaults:2 | Identified a +0 great mace
 42246 | Vaults:2 | Identified a +0 ring mail
 42246 | Vaults:2 | Identified a +0 dagger
 42246 | Vaults:2 | Identified a +0 robe
 42246 | Vaults:2 | Identified a +0 long sword
 42248 | Vaults:2 | Identified a +0 dagger
 42248 | Vaults:2 | Identified a +0 shortbow
 42248 | Vaults:2 | Identified a +2 leather armour of magic resistance
 42270 | Vaults:2 | Identified a +0 great mace
 42270 | Vaults:2 | Identified a +0 ring mail
 42270 | Vaults:2 | Identified a +0 dire flail
 42270 | Vaults:2 | Identified a +1 dire flail of protection
 42270 | Vaults:2 | Identified a +0 morningstar
 42270 | Vaults:2 | Identified a +0 ring mail
 42306 | Vaults:2 | Identified a +0 hand axe
 42306 | Vaults:2 | Identified a +2 vorpal battleaxe
 42306 | Vaults:2 | Identified a +0 plate armour
 42306 | Vaults:2 | Noticed an entropy weaver
 42307 | Vaults:2 | Identified a +0 dire flail
 42307 | Vaults:2 | Identified a +0 dire flail
 42487 | Vaults:2 | Identified a +0 broad axe
 42487 | Vaults:2 | Identified a +0 chain mail
 42487 | Vaults:2 | Identified a +0 flail
 42513 | Vaults:2 | Reached skill level 10 in Dodging
 42529 | Vaults:2 | Identified +0 acid dragon scales
 42643 | Vaults:2 | Killed an entropy weaver
 42709 | Vaults:2 | Identified a +0 long sword of holy wrath
 42709 | Vaults:2 | Identified a +0 arbalest
 42709 | Vaults:2 | Identified a +0 scale mail
 42709 | Vaults:2 | Identified a +0 great mace
 42709 | Vaults:2 | Identified a +0 ring mail
 42766 | Vaults:2 | Identified a +0 arbalest
 42771 | Vaults:2 | Identified a +0 arbalest
 42771 | Vaults:2 | Identified a +0 arbalest
 42902 | Vaults:2 | Identified a +1 vorpal dire flail
 42902 | Vaults:2 | Identified a +4 arbalest
 42902 | Vaults:2 | Identified a +0 plate armour
 42902 | Vaults:2 | Identified a +1 dire flail
 42902 | Vaults:2 | Identified a +0 chain mail
 42902 | Vaults:2 | Identified a +0 war axe
 42902 | Vaults:2 | Identified a +0 arbalest
 42902 | Vaults:2 | Identified a +0 scale mail
 42998 | Vaults:2 | Identified a +0 dagger
 42998 | Vaults:2 | Identified a cursed +0 ring mail
 43070 | Vaults:2 | Found a staircase to the Crypt.
 43070 | Vaults:2 | Found an ancient bone altar of Kikubaaqudgha.
 43071 | Vaults:2 | Found a basalt altar of Yredelemnul.
 43111 | Vaults:2 | Identified a +0 great mace
 43111 | Vaults:2 | Identified a +0 leather armour
 43111 | Vaults:2 | Identified a +0 halberd
 43111 | Vaults:2 | Identified a +0 robe
 43111 | Vaults:2 | Identified a +0 giant club
 43111 | Vaults:2 | Identified a +0 giant club
 43111 | Vaults:2 | Identified a +0 giant spiked club
 43111 | Vaults:2 | Identified a +0 giant spiked club
 43111 | Vaults:2 | Identified a +0 giant club
 43113 | Vaults:2 | Identified a +0 dire flail
 43113 | Vaults:2 | Identified a +0 giant club
 43113 | Vaults:2 | Identified a cursed +0 giant spiked club
 43114 | Vaults:2 | Identified a +0 great mace
 43114 | Vaults:2 | Identified a +0 leather armour
 43206 | Vaults:2 | Found a runed translucent gate.
 43206 | Vaults:2 | Found a runed translucent gate.
 43206 | Vaults:2 | Found a runed translucent gate.
 43207 | Vaults:2 | Noticed Lanoc's ghost (adept GnHu)
 43286 | Vaults:2 | Identified a +0 giant club
 43292 | Vaults:2 | Identified a +2 halberd of freezing
 43292 | Vaults:2 | Identified a cursed +0 robe
 43292 | Vaults:2 | Identified a +0 giant spiked club
 43292 | Vaults:2 | Identified a +0 giant club
 43293 | Vaults:2 | Identified a +0 giant spiked club
 43293 | Vaults:2 | Identified a +1 dire flail of protection
 43293 | Vaults:2 | Identified a +0 morningstar
 43293 | Vaults:2 | Identified a +0 ring mail
 43294 | Vaults:2 | Identified a +0 giant club
 43295 | Vaults:2 | Identified a +0 giant spiked club
 43295 | Vaults:2 | Identified a +0 giant spiked club
 43316 | Vaults:2 | Received a gift from Okawaru
 43432 | Vaults:2 | Identified a +0 short sword
 43432 | Vaults:2 | Identified a +0 plate armour
 43436 | Vaults:2 | Identified a +0 battleaxe
 43436 | Vaults:2 | Identified a +0 chain mail
 43476 | Vaults:2 | Identified a +0 war axe
 43476 | Vaults:2 | Identified a cursed +0 ring mail
 43476 | Vaults:2 | Identified a +0 dagger
 43476 | Vaults:2 | Identified a +0 robe
 43476 | Vaults:2 | Identified a +0 halberd
 43476 | Vaults:2 | Identified a +0 plate armour
 43479 | Vaults:2 | Identified a +0 dagger
 43479 | Vaults:2 | Identified a +0 shortbow
 43479 | Vaults:2 | Identified a +0 leather armour
 43479 | Vaults:2 | Identified a +0 great sword
 43479 | Vaults:2 | Identified a +0 plate armour
 43479 | Vaults:2 | Identified a +0 battleaxe
 43479 | Vaults:2 | Identified a +0 plate armour
 43479 | Vaults:2 | Identified a +0 hand axe
 43479 | Vaults:2 | Identified a +0 glaive
 43479 | Vaults:2 | Identified a +0 plate armour
 43480 | Vaults:2 | Identified a +1 battleaxe of freezing
 43487 | Vaults:2 | Noticed a lich
 43500 | Vaults:2 | Killed a lich
 43511 | Vaults:2 | Received a gift from Okawaru
 43514 | Vaults:2 | Identified +1 storm dragon scales (Okawaru gifted it to you
                  | on level 2 of the Vaults)
 43769 | Vaults:3 | Identified a +0 flail
 43769 | Vaults:3 | Identified a +0 scale mail
 43799 | Vaults:3 | Identified a +0 falchion
 43799 | Vaults:3 | Identified a +0 ring mail
 43841 | Vaults:3 | Found a huge runed gate.
 43841 | Vaults:3 | Found a huge runed gate.
 43841 | Vaults:3 | Found a huge runed gate.
 43841 | Vaults:3 | Found a huge runed gate.
 43841 | Vaults:3 | Found a huge runed gate.
 43842 | Vaults:3 | Found a huge runed gate.
 43843 | Vaults:3 | Found a huge runed gate.
 43843 | Vaults:3 | Found a huge runed gate.
 43843 | Vaults:3 | Found a huge runed gate.
 43843 | Vaults:3 | Found a huge runed gate.
 43854 | Vaults:3 | Found a huge runed gate.
 43854 | Vaults:3 | Found a huge runed gate.
 43854 | Vaults:3 | Found a huge runed gate.
 43854 | Vaults:3 | Found a huge runed gate.
 43854 | Vaults:3 | Found a huge runed gate.
 43854 | Vaults:3 | Found a huge runed gate.
 43854 | Vaults:3 | Found a huge runed gate.
 43855 | Vaults:3 | Found a huge runed gate.
 43856 | Vaults:3 | Found a huge runed gate.
 43857 | Vaults:3 | Identified a +0 short sword
 43857 | Vaults:3 | Identified a +0 longbow
 43857 | Vaults:3 | Identified a +0 leather armour
 43857 | Vaults:3 | Identified a +0 dagger
 43857 | Vaults:3 | Identified a +0 rapier
 43857 | Vaults:3 | Identified a +0 short sword
 44018 | Vaults:3 | Identified a +3 great sword
 44018 | Vaults:3 | Identified a +2 plate armour of poison resistance
 44018 | Vaults:3 | Noticed Jory
 44033 | Vaults:3 | Killed Jory
 44144 | Vaults:3 | Identified a +0 long sword
 44144 | Vaults:3 | Identified a +1 short sword of holy wrath
 44144 | Vaults:3 | Identified a +1 short sword of speed
 44144 | Vaults:3 | Identified a +0 shortbow
 44144 | Vaults:3 | Identified a +0 leather armour
 44144 | Vaults:3 | Identified a +0 long sword
 44144 | Vaults:3 | Identified a +2 shortbow of freezing
 44144 | Vaults:3 | Identified a +0 morningstar
 44144 | Vaults:3 | Identified a +0 ring mail
 44144 | Vaults:3 | Identified a +0 war axe
 44144 | Vaults:3 | Identified a +0 plate armour
 44144 | Vaults:3 | Identified a +0 tower shield
 44144 | Vaults:3 | Identified a +0 mace
 44144 | Vaults:3 | Identified a +0 ring mail
 44145 | Vaults:3 | Identified a +0 long sword
 44145 | Vaults:3 | Identified a +0 leather armour
 44145 | Vaults:3 | Identified a +1 broad axe of draining
 44145 | Vaults:3 | Identified a +0 plate armour
 44148 | Vaults:3 | Identified a +0 short sword
 44148 | Vaults:3 | Identified a +0 scale mail
 44148 | Vaults:3 | Identified a +0 great mace
 44148 | Vaults:3 | Identified a cursed +0 leather armour
 44150 | Vaults:3 | Identified a +3 great sword
 44150 | Vaults:3 | Identified a +0 chain mail
 44152 | Vaults:3 | Identified a +0 flail
 44152 | Vaults:3 | Identified a +0 scale mail
 44166 | Vaults:3 | Reached XP level 21. HP: 167/182 MP: 34/34
 44171 | Vaults:3 | Reached skill level 13 in Evocations
 44178 | Vaults:3 | Identified +0 fire dragon scales
 44178 | Vaults:3 | Reached skill level 19 in Invocations
 44254 | Vaults:3 | Identified a +0 arbalest
 44275 | Vaults:3 | Identified a +0 flail
 44275 | Vaults:3 | Identified a +0 leather armour
 44275 | Vaults:3 | Identified a +1 long sword of draining
 44275 | Vaults:3 | Identified a +0 long sword
 44275 | Vaults:3 | Identified a +0 dagger
 44275 | Vaults:3 | Identified a +0 leather armour
 44275 | Vaults:3 | Identified a +0 long sword
 44275 | Vaults:3 | Identified a +0 leather armour
 44279 | Vaults:3 | Identified a +0 long sword
 44279 | Vaults:3 | Identified a +0 ring mail
 44282 | Vaults:3 | Identified a +1 scimitar of electrocution
 44383 | Vaults:3 | Found a huge runed gate.
 44383 | Vaults:3 | Found a huge runed gate.
 44383 | Vaults:3 | Found a huge runed gate.
 44383 | Vaults:3 | Found a huge runed gate.
 44383 | Vaults:3 | Found a huge runed gate.
 44383 | Vaults:3 | Found a huge runed gate.
 44400 | Vaults:3 | Found a huge runed gate.
 44400 | Vaults:3 | Found a huge runed gate.
 44400 | Vaults:3 | Found a huge runed gate.
 44406 | Vaults:3 | Found a huge runed gate.
 44406 | Vaults:3 | Found a huge runed gate.
 44406 | Vaults:3 | Found a huge runed gate.
 44406 | Vaults:3 | Found a huge runed gate.
 44409 | Vaults:3 | Found Gozag's Assorted Antiques.
 44420 | Vaults:3 | Identified a +0 great mace
 44420 | Vaults:3 | Identified a +0 ring mail
 44420 | Vaults:3 | Identified a +0 bardiche
 44420 | Vaults:3 | Identified a +0 plate armour
 44421 | Vaults:3 | Found an opulent altar of Gozag.
 44421 | Vaults:3 | Identified a +1 dagger of flaming
 44421 | Vaults:3 | Identified a +0 robe
 44421 | Vaults:3 | Identified a +0 flail
 44421 | Vaults:3 | Identified a +0 scale mail
 44421 | Vaults:3 | Identified a +0 great mace
 44421 | Vaults:3 | Identified a +0 leather armour
 44422 | Vaults:3 | Identified a +0 flail
 44422 | Vaults:3 | Identified a +0 ring mail
 44423 | Vaults:3 | Identified a +1 long sword of holy wrath
 44423 | Vaults:3 | Identified a +0 arbalest
 44423 | Vaults:3 | Identified a +0 plate armour
 44425 | Vaults:3 | Identified a +0 arbalest
 44433 | Vaults:3 | Identified a +0 battleaxe
 44433 | Vaults:3 | Identified a +0 chain mail
 44435 | Vaults:3 | Identified a +3 great sword of holy wrath
 44435 | Vaults:3 | Identified a +0 plate armour
 44441 | Vaults:3 | Found Gozag's Antique Weapon Emporium.
 44465 | Vaults:3 | Found Gozag's Antique Armour Emporium.
 44465 | Vaults:3 | Identified a +0 war axe
 44465 | Vaults:3 | Identified a +0 chain mail
 44465 | Vaults:3 | Identified a +0 arbalest
 44470 | Vaults:3 | Identified a +0 great mace
 44470 | Vaults:3 | Identified a +0 ring mail
 44484 | Vaults:3 | Identified a +0 troll leather armour
 44584 | Vaults:3 | Identified a +0 arbalest
 44584 | Vaults:3 | Identified a +0 centaur barding
 44619 | Vaults:3 | Reached skill level 18 in Armour
 44713 | Vaults:3 | Found a huge runed gate.
 44714 | Vaults:3 | Found a huge runed gate.
 44715 | Vaults:3 | Found a huge runed gate.
 44716 | Vaults:3 | Found a huge runed gate.
 44835 | Vaults:3 | Identified a +1 antimagic dagger
 44835 | Vaults:3 | Identified a +0 robe
 44835 | Vaults:3 | Identified a +0 dire flail
 44835 | Vaults:3 | Identified a +0 ring mail
 44889 | Vaults:3 | Received a gift from Okawaru
 44993 | Vaults:4 | Identified a +0 giant club
 44993 | Vaults:4 | Identified a +0 giant spiked club
 44993 | Vaults:4 | Identified a +0 giant club
 44993 | Vaults:4 | Identified a +0 giant club
 44993 | Vaults:4 | Identified a cursed -3 giant club
 44993 | Vaults:4 | Identified a +0 giant club
 44993 | Vaults:4 | Identified a +0 giant spiked club
 44996 | Vaults:4 | Identified a +0 club
 44996 | Vaults:4 | Identified a +0 robe
 44997 | Vaults:4 | Identified a +0 giant club
 45004 | Vaults:4 | Identified a +0 giant spiked club
 45004 | Vaults:4 | Identified a +0 giant club
 45015 | Vaults:4 | Identified a +0 giant spiked club
 45016 | Vaults:4 | Identified a +0 great mace
 45016 | Vaults:4 | Identified a +4 scale mail of magic resistance
 45018 | Vaults:4 | Identified a +0 dire flail
 45018 | Vaults:4 | Identified a cursed -2 giant spiked club
 45020 | Vaults:4 | Identified a +2 spear of freezing
 45020 | Vaults:4 | Identified a +0 robe
 45023 | Vaults:4 | Identified a +0 giant club
 45023 | Vaults:4 | Identified a +0 giant club
 45031 | Vaults:4 | Received a gift from Okawaru
 45126 | Vaults:4 | Identified a +2 great sword of holy wrath
 45126 | Vaults:4 | Identified a +0 chain mail
 45126 | Vaults:4 | Identified a +0 morningstar
 45126 | Vaults:4 | Identified a +0 ring mail
 45126 | Vaults:4 | Identified a +0 flail
 45126 | Vaults:4 | Identified a cursed +0 scale mail
 45127 | Vaults:4 | Identified a +0 giant spiked club
 45133 | Vaults:4 | Identified a +0 halberd
 45133 | Vaults:4 | Identified a +0 robe
 45135 | Vaults:4 | Identified a +0 giant club
 45135 | Vaults:4 | Identified a cursed -2 giant spiked club
 45135 | Vaults:4 | Identified a +0 giant spiked club
 45135 | Vaults:4 | Identified a +0 giant club
 45135 | Vaults:4 | Identified a +0 mace
 45135 | Vaults:4 | Identified a +0 ring mail
 45136 | Vaults:4 | Identified a +0 giant spiked club
 45257 | Vaults:4 | Identified a +0 dire flail
 45257 | Vaults:4 | Identified a +0 scale mail
 45264 | Vaults:4 | Identified a +0 long sword
 45264 | Vaults:4 | Identified a cursed +0 ring mail
 45305 | Vaults:4 | Identified a +0 halberd
 45305 | Vaults:4 | Identified a +0 robe
 45305 | Vaults:4 | Identified a +0 great sword of flaming
 45308 | Vaults:4 | Identified a +0 giant club
 45308 | Vaults:4 | Identified a +0 great mace
 45308 | Vaults:4 | Identified a +0 giant spiked club
 45308 | Vaults:4 | Identified a cursed -2 giant club
 45309 | Vaults:4 | Identified a +0 giant spiked club
 45309 | Vaults:4 | Identified a +0 giant club
 45310 | Vaults:4 | Identified a +0 giant club
 45310 | Vaults:4 | Identified a +0 giant spiked club
 45310 | Vaults:4 | Identified a +0 giant club
 45310 | Vaults:4 | Identified a +0 giant club
 45315 | Vaults:4 | Identified a +0 giant club
 45389 | Vaults:4 | Identified a +1 glaive
 45389 | Vaults:4 | Identified a +0 plate armour
 45389 | Vaults:4 | Identified a +0 falchion
 45389 | Vaults:4 | Identified a cursed -2 scale mail
 45391 | Vaults:4 | Identified a +0 morningstar
 45391 | Vaults:4 | Identified a +0 leather armour
 45391 | Vaults:4 | Identified a +0 great sword
 45391 | Vaults:4 | Identified a cursed -1 chain mail
 45412 | Vaults:4 | Reached skill level 15 in Fighting
 45433 | Vaults:4 | Identified a +0 short sword
 45477 | Vaults:4 | Identified a +0 battleaxe
 45477 | Vaults:4 | Identified a +0 chain mail
 45670 | Vaults:4 | Identified a +0 arbalest
 45670 | Vaults:4 | Identified a +0 arbalest
 45670 | Vaults:4 | Identified a +0 arbalest
 45670 | Vaults:4 | Identified a +0 arbalest
 45699 | Vaults:4 | Identified the cursed +0 plate armour "Doivax" {MR++ Int-4
                  | Dex+5} (You found it on level 4 of the Vaults)
 45776 | Vaults:4 | Identified a +0 long sword
 45776 | Vaults:4 | Identified a +0 ring mail
 45881 | Vaults:4 | Noticed an entropy weaver
 45881 | Vaults:4 | Identified a +0 dire flail
 45881 | Vaults:4 | Identified a +0 ring mail
 45883 | Vaults:4 | Identified a +0 long sword
 45883 | Vaults:4 | Identified a +0 scale mail
 45886 | Vaults:4 | Identified a +1 vorpal long sword
 45886 | Vaults:4 | Identified a +0 ring mail
 45888 | Vaults:4 | Identified a +0 great sword
 45888 | Vaults:4 | Identified a +0 chain mail
 45890 | Vaults:4 | Killed an entropy weaver
 45915 | Vaults:4 | Received a gift from Okawaru
 45927 | Vaults:4 | Identified a +3 battleaxe
 45927 | Vaults:4 | Identified a +0 chain mail
 46487 | Vaults:4 | Identified a +0 giant spiked club
 46487 | Vaults:4 | Identified a +0 dire flail
 46487 | Vaults:4 | Identified a +0 giant club
 46487 | Vaults:4 | Identified a +0 giant club
 46487 | Vaults:4 | Identified a +0 giant spiked club
 46487 | Vaults:4 | Identified a +0 dire flail
 46487 | Vaults:4 | Identified a +0 giant spiked club
 46487 | Vaults:4 | Identified a +0 giant club
 46487 | Vaults:4 | Identified a +0 spear
 46487 | Vaults:4 | Identified a +0 robe
 46489 | Vaults:4 | Identified a +0 giant club
 46489 | Vaults:4 | Identified a +0 giant club
 46494 | Vaults:4 | Identified a +0 giant club
 46497 | Vaults:4 | Received a gift from Okawaru
 46497 | Vaults:4 | Reached skill level 14 in Shields
 46773 | Depths:1 | Entered Level 1 of the Depths
 46773 | Depths:1 | Identified a +0 dagger
 46773 | Depths:1 | Identified a cursed +0 robe
 46883 | Depths:1 | Identified +0 fire dragon scales
 46965 | Depths:1 | Found a one-way gate leading to the halls of Pandemonium.
 46970 | Depths:1 | Identified a +0 arbalest
 47004 | Depths:1 | Identified a +0 arbalest
 47028 | Depths:1 | Identified a +0 demon trident of flaming
 47028 | Depths:1 | Identified a cursed +0 leather armour
 47036 | Depths:1 | Reached skill level 14 in Evocations
 47037 | Depths:1 | Reached XP level 22. HP: 192/192 MP: 35/35
 47044 | Depths:1 | Found Joxkoim's Magic Scroll Shop.
 47048 | Depths:1 | Reached skill level 20 in Invocations
 47072 | Depths:1 | Identified a +0 arbalest
 47215 | Depths:1 | Found a gateway to Hell.
 47330 | Depths:1 | Identified a +0 dire flail
 47330 | Depths:1 | Identified a cursed +0 chain mail
 47334 | Depths:1 | Identified a +0 arbalest
 47391 | Depths:1 | Identified a +0 great sword of flaming
 47399 | Depths:1 | Identified a +0 dire flail
 47399 | Depths:1 | Identified a +0 dire flail
 47417 | Depths:1 | Identified a +2 battleaxe of freezing
 47505 | Depths:1 | Identified a +0 giant club
 47510 | Depths:1 | Identified a +0 giant club
 47514 | Depths:1 | Identified a +0 club
 47514 | Depths:1 | Identified a +0 robe
 47515 | Depths:1 | Identified a +0 giant club
 47515 | Depths:1 | Identified a +0 giant club
 47523 | Depths:1 | Identified a +0 giant club
 47523 | Depths:1 | Identified a +0 giant club
 47526 | Depths:1 | Identified a +0 giant club
 47805 | Depths:1 | Identified a +0 shortbow
 47847 | Depths:1 | Identified a +5 lajatang
 47847 | Depths:1 | Identified a +0 robe
 47963 | Depths:1 | Identified a ring of resist corrosion (You found it on
                  | level 1 of the Depths)
 47971 | Depths:1 | Identified a +0 quarterstaff
 47971 | Depths:1 | Identified a +0 animal skin
 47995 | Depths:1 | Identified a +0 arbalest
 47997 | Depths:1 | Received a gift from Okawaru
 47997 | Depths:1 | Reached skill level 11 in Dodging
 48020 | Depths:1 | Identified the ring of Mirth {AC+4 Str+4 Int+7} (You found
                  | it on level 1 of the Depths)
 48024 | Depths:1 | Identified the ring of Psychosis {MP+9 Str-4 Int+5} (You
                  | found it on level 1 of the Depths)
 48029 | Depths:1 | Identified a +4 plate armour of fire resistance (You found
                  | it on level 1 of the Depths)
 48048 | Depths:1 | Identified the +3 executioner's axe of Osun {flame, MR+
                  | Str+4 Dex-4} (Okawaru gifted it to you on level 1 of the
                  | Depths)
 48131 | Depths:1 | Identified a +1 battleaxe of freezing
 48336 | Depths:2 | Identified a cursed -1 arbalest
 48338 | Depths:2 | Identified a +0 arbalest
 48342 | Depths:2 | Identified a +0 arbalest
 48461 | Depths:2 | Found a one-way gate to the infinite horrors of the Abyss.
 48480 | Depths:2 | Identified a +2 demon whip of venom
 48480 | Depths:2 | Identified a +0 robe
 48480 | Depths:2 | Identified a +0 buckler
 48480 | Depths:2 | Identified a +0 robe
 48480 | Depths:2 | Identified a +0 rapier
 48480 | Depths:2 | Identified a +0 robe
 48481 | Depths:2 | Identified a +4 quick blade
 48481 | Depths:2 | Identified a +0 robe
 48481 | Depths:2 | Identified a +0 buckler
 48481 | Depths:2 | Identified a +6 demon whip of flaming
 48481 | Depths:2 | Identified a +0 buckler of protection
 48481 | Depths:2 | Noticed the Enchantress
 48481 | Depths:2 | Identified a +0 spear
 48482 | Depths:2 | Identified a +2 antimagic hand axe
 48482 | Depths:2 | Identified a cursed +0 animal skin
 48492 | Depths:2 | Identified a +1 antimagic war axe
 48492 | Depths:2 | Identified a +0 animal skin
 48496 | Depths:2 | Identified a +0 robe
 48500 | Depths:2 | Identified a +7 lajatang of distortion
 48500 | Depths:2 | Identified a +0 robe
 48506 | Depths:2 | Identified a +0 dagger
 48506 | Depths:2 | Identified a +0 robe
 48529 | Depths:2 | HP: 40/193 [spriggan air mage/the air[the Enchantress]
                  | (15)]
 48531 | Depths:2 | HP: 19/193 [poisoned by a spriggan defender]
 48536 | Depths:2 | HP: 47/193 [poisoned by a spriggan defender]
 48542 | Depths:2 | HP: 48/193 [poisoned by a spriggan defender]
 48858 | Depths:2 | Identified a +0 antimagic war axe
 48858 | Depths:2 | Identified a +0 animal skin
 48858 | Depths:2 | Identified a +1 war axe of draining
 48858 | Depths:2 | Identified a +0 animal skin
 48858 | Depths:2 | Identified a +0 vampiric rapier
 48858 | Depths:2 | Identified a +0 animal skin
 48858 | Depths:2 | Identified a +0 arbalest
 48858 | Depths:2 | Identified a +0 quarterstaff
 48858 | Depths:2 | Identified a +0 animal skin
 48874 | Depths:2 | Reached skill level 19 in Armour
 49011 | Depths:2 | Gained mutation: Your magical capacity is low. (-10% MP) [a
                  | cacodemon]
 49021 | Depths:2 | Identified a +0 trident
 49058 | Depths:2 | Killed the Enchantress
 49193 | Depths:2 | Received a gift from Okawaru
 49476 | Depths:2 | Identified a +0 troll leather armour
 49483 | Depths:2 | Identified a +0 troll leather armour
 49832 | Depths:3 | Identified a +1 great sword of flaming
 49833 | Depths:3 | Identified a +0 arbalest
 49837 | Depths:3 | Identified a +2 battleaxe of freezing
 50063 | Depths:3 | Identified a +0 dire flail of holy wrath
 50063 | Depths:3 | Identified a +0 dire flail
 50857 | Depths:3 | Identified a +1 vorpal long sword
 50857 | Depths:3 | Identified a +0 leather armour
 50857 | Depths:3 | Identified a +0 buckler of protection
 50858 | Depths:3 | Identified a +0 broad axe
 50858 | Depths:3 | Identified a +0 leather armour
 50858 | Depths:3 | Identified a +1 kite shield of reflection
 50967 | Depths:3 | Identified a +1 great sword of flaming
 51002 | Depths:3 | Identified a +0 halberd
 51002 | Depths:3 | Identified a +0 robe
 51028 | Depths:3 | HP: 38/194 [flayed ghost/flay_damage (21)]
 51044 | Depths:3 | Paralysed by a floating eye for 4 turns
 51056 | Depths:3 | HP: 35/194 [flayed ghost/flay_damage (21)]
 51086 | Depths:3 | Identified a +4 broad axe of flaming (You found it on level
                  | 3 of the Depths)
 51145 | Depths:3 | Identified a cursed +0 crystal plate armour (You found it
                  | on level 3 of the Depths)
 51291 | Depths:3 | Identified a +0 shortbow
 51291 | Depths:3 | Identified a +0 shortbow
 51291 | Depths:3 | Identified a +0 shortbow
 51291 | Depths:3 | Identified a +0 shortbow
 51291 | Depths:3 | Identified a +0 shortbow
 51291 | Depths:3 | Identified a +0 shortbow
 51339 | Depths:3 | Noticed an ancient lich
 51351 | Depths:3 | Killed an ancient lich
 51351 | Depths:3 | Reached skill level 15 in Evocations
 51351 | Depths:3 | Reached XP level 23. HP: 201/201 MP: 33/33
 51396 | Depths:3 | Identified a +3 vorpal glaive
 51396 | Depths:3 | Identified a +0 chain mail
 51398 | Depths:3 | Identified a +2 halberd
 51398 | Depths:3 | Identified a +0 chain mail
 51398 | Depths:3 | Identified a +0 mace
 51400 | Depths:3 | Identified a +0 troll leather armour
 51403 | Depths:3 | Identified a +0 halberd
 51407 | Depths:3 | Identified a +2 great mace
 51407 | Depths:3 | Identified a +0 chain mail
 51407 | Depths:3 | Identified a +1 glaive
 51407 | Depths:3 | Identified a +0 chain mail
 51418 | Depths:3 | Identified a +0 troll leather armour
 51418 | Depths:3 | Reached skill level 21 in Invocations
 51447 | Depths:3 | Identified a +0 dagger
 51447 | Depths:3 | Identified a +0 robe
 51480 | Depths:3 | Identified a +0 troll leather armour
 51484 | Depths:3 | Identified a +0 troll leather armour
 51508 | Depths:3 | Identified a +0 troll leather armour
 51627 | Depths:3 | Identified a +2 war axe of electrocution
 51632 | Depths:3 | Received a gift from Okawaru
 51660 | Depths:3 | Identified a cursed -1 dagger
 51660 | Depths:3 | Identified a cursed +0 robe
 51663 | Depths:3 | Identified a +0 troll leather armour
 51675 | Depths:3 | Identified a +0 troll leather armour
 51733 | Depths:3 | Identified a +1 vampiric scimitar
 51738 | Depths:3 | Identified a +2 mace of protection
 51828 | Depths:3 | Reached skill level 16 in Fighting
 52165 | Depths:3 | HP: 38/202 [flayed ghost/flay_damage (22)]
 52218 | Depths:4 | Identified a +0 long sword
 52218 | Depths:4 | Identified a +0 arbalest
 52218 | Depths:4 | Identified a +0 ring mail
 52258 | Depths:4 | Identified a +0 arbalest
 52265 | Depths:4 | Identified a +0 robe
 52265 | Depths:4 | Identified a +0 arbalest
 52265 | Depths:4 | Identified the ring "Jeuckor" {rF++ rN+ AC+4 Str-4 SInv}
 52267 | Depths:4 | Identified a +0 arbalest
 52267 | Depths:4 | Identified a cursed -3 arbalest
 52269 | Depths:4 | Identified a +0 arbalest
 52276 | Depths:4 | Identified a +4 dire flail of holy wrath
 52276 | Depths:4 | Identified a +0 dire flail
 52358 | Depths:4 | Received a gift from Okawaru
 52358 | Depths:4 | Identified +0 fire dragon scales
 52470 | Depths:4 | Found Onaer's General Store.
 52471 | Depths:4 | Identified a +0 arbalest
 52472 | Depths:4 | Identified a +0 arbalest
 52474 | Depths:4 | Identified a +0 arbalest
 52477 | Depths:4 | Identified a +0 arbalest
 52505 | Depths:4 | Identified a +3 battleaxe
 52505 | Depths:4 | Identified a +0 longbow
 52505 | Depths:4 | Identified a +0 ring mail
 52551 | Depths:4 | Found a gateway to a ziggurat.
 52561 | Depths:4 | Identified a +2 great mace of protection
 52561 | Depths:4 | Identified a cursed +0 plate armour
 52572 | Depths:4 | Identified a +2 battleaxe of electrocution
 52572 | Depths:4 | Identified a +2 scale mail of cold resistance
 52588 | Depths:4 | Found Bonidu's Armour Shop.
 52702 | Depths:4 | Identified a +1 battleaxe of freezing
 52702 | Depths:4 | Identified a +0 short sword
 52702 | Depths:4 | Identified a +0 leather armour
 52704 | Depths:4 | Noticed a golden dragon
 52716 | Depths:4 | Killed a golden dragon
 52732 | Depths:4 | Noticed a golden dragon
 52735 | Depths:4 | Identified a +2 rapier of speed
 52735 | Depths:4 | Identified a +0 robe
 52735 | Depths:4 | Identified a +0 buckler
 52746 | Depths:4 | Killed a golden dragon
 52763 | Depths:4 | HP: 44/202 [titan (18)]
 52771 | Depths:4 | Reached skill level 15 in Shields
 52772 | Depths:4 | Noticed a golden dragon
 53072 | Depths:4 | Identified a +0 quarterstaff
 53072 | Depths:4 | Identified a +0 robe
 53077 | Depths:4 | Identified a +1 trident of freezing
 53077 | Depths:4 | Identified a +0 animal skin
 53097 | Depths:4 | Identified a +3 glaive of venom
 53103 | Depths:4 | Identified a +0 quarterstaff
 53103 | Depths:4 | Identified a +0 animal skin
 53109 | Depths:4 | Identified a +0 flail
 53109 | Depths:4 | Identified a +0 robe
 53111 | Depths:4 | Killed a golden dragon
 53158 | Depths:4 | Identified a +0 war axe
 53158 | Depths:4 | Identified a +0 chain mail
 53277 | Depths:4 | Noticed a lich
 53280 | Depths:4 | Identified a +1 double sword of electrocution
 53280 | Depths:4 | Identified a +0 plate armour
 53281 | Depths:4 | Noticed a lich
 53285 | Depths:4 | Killed a lich
 53285 | Depths:4 | Reached skill level 20 in Armour
 53296 | Depths:4 | Killed a lich
 53330 | Depths:4 | Identified a cursed -2 long sword
 53330 | Depths:4 | Noticed a golden dragon
 53352 | Depths:4 | Killed a golden dragon
 53601 | Depths:5 | Entered Level 5 of the Depths
 53602 | Depths:5 | Found Ynom's Distillery.
 53610 | Depths:5 | Bought a potion of heal wounds for 65 gold pieces
 53610 | Depths:5 | Bought a potion of heal wounds for 65 gold pieces
 53610 | Depths:5 | Bought a potion of heal wounds for 65 gold pieces
 53642 | Depths:5 | Identified a +0 troll leather armour
 53642 | Depths:5 | Identified a +0 troll leather armour
 53670 | Depths:5 | Received a gift from Okawaru
 53670 | Depths:5 | Identified +0 ice dragon scales
 53670 | Depths:5 | Reached skill level 16 in Evocations
 53684 | Depths:5 | Identified a +0 troll leather armour
 53684 | Depths:5 | Reached XP level 24. HP: 204/212 MP: 33/34
 53818 | Depths:5 | Identified a +0 dagger
 53818 | Depths:5 | Identified a +0 cloak
 53842 | Depths:5 | Identified a +0 trident
 53842 | Depths:5 | Identified a +1 war axe of flaming
 53868 | Depths:5 | Identified a +2 arbalest of flaming
 53868 | Depths:5 | Identified a +0 arbalest
 53870 | Depths:5 | Identified a +0 arbalest
 53871 | Depths:5 | Identified a +0 arbalest
 53880 | Depths:5 | Identified a cursed -3 great mace
 53880 | Depths:5 | Identified a +2 cloak
 53888 | Depths:5 | Noticed a caustic shrike
 53888 | Depths:5 | Noticed a caustic shrike
 53889 | Depths:5 | Noticed a caustic shrike
 53901 | Depths:5 | HP: 51/212 [caustic shrike (12)]
 53906 | Depths:5 | HP: 48/212 [caustic shrike (2)]
 53907 | Depths:5 | Killed a caustic shrike
 53907 | Depths:5 | Reached skill level 22 in Invocations
 53910 | Depths:5 | Killed a caustic shrike
 54143 | Depths:5 | Identified a +0 robe
 54179 | Depths:5 | Identified a cursed -3 battleaxe
 54179 | Depths:5 | Identified a +0 leather armour
 54234 | Depths:5 | Killed a caustic shrike
 54250 | Depths:5 | Identified a +2 war axe
 54250 | Depths:5 | Identified a +0 leather armour
 54250 | Depths:5 | Identified a +2 buckler of positive energy
 54256 | Depths:5 | Identified a +0 halberd
 54256 | Depths:5 | Identified a +0 longbow
 54256 | Depths:5 | Identified a +0 ring mail
 54278 | Depths:5 | Identified a +0 trident
 54294 | Depths:5 | Reached skill level 12 in Dodging
 54295 | Depths:5 | Identified a +0 trident
 54458 | Depths:5 | Found a gate to the Realm of Zot.
 54471 | Depths:5 | Identified a +4 dagger
 54471 | Depths:5 | Identified a +0 cloak
 54558 | Depths:5 | Identified a +0 short sword
 54558 | Depths:5 | Identified a cursed +0 cloak
 54691 | Depths:5 | Identified +0 ice dragon scales
 54723 | Depths:5 | Identified a +0 war axe
 54723 | Depths:5 | Identified a +0 animal skin
 54723 | Depths:5 | Identified a +0 robe
 54725 | Depths:5 | Identified a +0 hand axe
 54725 | Depths:5 | Identified a +0 animal skin
 54973 | Depths:5 | Identified a +0 short sword
 54973 | Depths:5 | Identified a cursed +0 cloak
 54999 | Depths:5 | HP: 47/211 [something (10)]
 55296 | Depths:5 | Found a runed translucent gate.
 55296 | Depths:5 | Found a runed translucent gate.
 55296 | Depths:5 | Found a runed translucent gate.
 55297 | Depths:5 | Noticed Skimidon's ghost (veteran MiBe)
 55299 | Depths:5 | Noticed a Tzitzimitl
 55331 | Depths:5 | Identified a +0 battleaxe of freezing
 55666 | Elf:1    | Entered Level 1 of the Elven Halls
 55668 | Elf:1    | Identified a +0 short sword
 55668 | Elf:1    | Identified a +0 ring mail
 55668 | Elf:1    | Identified a +0 long sword
 55705 | Elf:1    | Identified a +0 long sword
 55710 | Elf:1    | Identified a +0 short sword
 55736 | Elf:1    | Identified a +0 trident
 55736 | Elf:1    | Identified a +0 leather armour
 55736 | Elf:1    | Identified a +5 glaive of flaming
 55736 | Elf:1    | Identified a +0 dagger
 55736 | Elf:1    | Identified a +0 robe
 55738 | Elf:1    | Identified a +0 dagger
 55742 | Elf:1    | Identified a +0 hand axe
 55742 | Elf:1    | Identified a cursed -3 giant club
 55790 | Elf:1    | Identified a +1 halberd of venom
 55863 | Elf:1    | Identified a +0 rapier
 55889 | Elf:1    | Identified a +1 glaive of venom
 55910 | Elf:1    | Identified a +0 short sword
 55932 | Elf:1    | Identified a +1 war axe of distortion
 55937 | Elf:1    | Cast into level 3 of the Abyss (+1 war axe of distortion)
 55937 | Abyss:3  | Found a corrupted altar of Lugonu.
 56047 | Abyss:3  | Gained mutation: You do not regenerate when monsters are
                  | visible. [a neqoxec]
 56155 | Abyss:4  | Found a corrupted altar of Lugonu.
 56267 | Abyss:5  | Entered Level 5 of the Abyss
 56269 | Abyss:5  | Found a corrupted altar of Lugonu.
 56278 | Elf:1    | Escaped the Abyss
 56309 | Elf:1    | Identified a +0 short sword
 56309 | Elf:1    | Identified a +0 scale mail
 56332 | Elf:1    | Identified a +0 short sword
 56358 | Elf:1    | Identified a +0 long sword
 56412 | Elf:1    | Identified a +0 dagger
 56412 | Elf:1    | Identified a +0 leather armour
 56412 | Elf:1    | Identified a +0 dagger
 56412 | Elf:1    | Identified a +0 shortbow
 56412 | Elf:1    | Identified a cursed -1 leather armour
 56437 | Elf:1    | Identified a +0 short sword
 56495 | Elf:1    | Identified a +2 vorpal long sword
 56562 | Elf:1    | Identified a +0 rapier
 56751 | Elf:1    | Identified a +0 dagger
 56751 | Elf:1    | Identified a +0 leather armour
 56751 | Elf:1    | Identified a +0 long sword
 56753 | Elf:1    | Identified a +2 long sword of holy wrath
 56754 | Elf:1    | Identified a +0 short sword
 56762 | Elf:1    | Identified a +0 rapier
 56769 | Elf:1    | Identified a +0 rapier
 56769 | Elf:1    | Identified a +0 chain mail
 56776 | Elf:1    | Identified a +0 long sword
 56776 | Elf:1    | Identified a cursed +0 leather armour
 56778 | Elf:1    | Identified a +0 long sword
 56782 | Elf:1    | Identified a +0 short sword
 56797 | Elf:1    | Received a gift from Okawaru
 56828 | Elf:1    | Identified the +1 pair of gloves of Okawaru's Condemnation
                  | {*Contam rC+ MR+ Regen+} (Okawaru gifted it to you on level
                  | 1 of the Elven Halls)
 56852 | Elf:1    | Identified a +1 short sword of draining
 56852 | Elf:1    | Identified a +0 leather armour
 56857 | Elf:1    | Identified a +0 dagger
 56857 | Elf:1    | Identified a +0 scale mail
 56967 | Elf:2    | Found Zatwirr's Assorted Antiques.
 56978 | Elf:2    | Bought a dull robe for 96 gold pieces
 56978 | Elf:2    | Bought a scroll of enchant armour for 127 gold pieces
 56997 | Elf:2    | Found Tola Kiu's Assorted Antiques.
 57017 | Elf:2    | Identified a +0 rapier
 57017 | Elf:2    | Identified a cursed +0 ring mail
 57017 | Elf:2    | Identified a +2 rapier of draining
 57017 | Elf:2    | Identified a +0 ring mail
 57017 | Elf:2    | Identified a +0 short sword
 57017 | Elf:2    | Identified a +0 shortbow
 57017 | Elf:2    | Identified a +0 leather armour
 57053 | Elf:2    | Identified a +0 rapier
 57053 | Elf:2    | Identified a +0 chain mail
 57102 | Elf:2    | Identified a +1 short sword of freezing
 57102 | Elf:2    | Identified a +0 dagger
 57102 | Elf:2    | Identified a +0 shortbow
 57102 | Elf:2    | Identified a +0 leather armour
 57102 | Elf:2    | Identified a +0 halberd of venom
 57103 | Elf:2    | Identified a +0 short sword
 57103 | Elf:2    | Identified a +0 buckler
 57249 | Elf:2    | Found a runed translucent gate.
 57249 | Elf:2    | Found a runed translucent gate.
 57249 | Elf:2    | Identified a +9 dagger
 57249 | Elf:2    | Identified a +0 falchion
 57255 | Elf:2    | Found a runed translucent gate.
 57329 | Elf:2    | Identified a +1 antimagic war axe
 57424 | Elf:2    | Identified a +0 long sword
 57424 | Elf:2    | Identified a +0 chain mail
 57427 | Elf:2    | Identified a +0 short sword
 57429 | Elf:2    | Identified a +0 short sword
 57429 | Elf:2    | Identified a +0 longbow
 57429 | Elf:2    | Identified a +0 leather armour
 57433 | Elf:2    | Identified a +2 halberd of venom
 57434 | Elf:2    | Identified a +0 dagger
 57434 | Elf:2    | Identified a +0 longbow
 57434 | Elf:2    | Identified a +0 leather armour
 57436 | Elf:2    | Identified a +0 short sword
 57444 | Elf:2    | Reached skill level 17 in Fighting
 57615 | Elf:2    | Found Fyneal's Antique Armour Emporium.
 57615 | Elf:2    | Identified a +0 dagger
 57615 | Elf:2    | Identified a +0 longbow
 57615 | Elf:2    | Identified a +0 leather armour
 57615 | Elf:2    | Identified a +0 long sword
 57679 | Elf:2    | Identified a +0 dagger
 57696 | Elf:2    | Identified a +0 short sword
 57696 | Elf:2    | Identified a +0 scale mail
 57696 | Elf:2    | Identified a +2 buckler
 57697 | Elf:2    | Identified a +0 dagger
 57698 | Elf:2    | Identified a +0 long sword
 57705 | Elf:2    | Identified a +0 scimitar
 57705 | Elf:2    | Identified a cursed +0 buckler
 57709 | Elf:2    | Identified a +0 trident of distortion
 57719 | Elf:2    | Identified a +0 short sword
 57721 | Elf:2    | Identified a +1 vorpal glaive
 57726 | Elf:2    | Identified a +0 short sword
 57726 | Elf:2    | Identified a +0 leather armour
 57730 | Elf:2    | Identified a +3 short sword of protection
 57730 | Elf:2    | Identified a +1 halberd of venom
 57731 | Elf:2    | Identified a +0 short sword of holy wrath
 57733 | Elf:2    | Identified a cursed +0 rapier
 57733 | Elf:2    | Identified a +0 ring mail
 57736 | Elf:2    | Identified a +0 war axe of freezing
 57964 | Elf:2    | Identified a +0 short sword
 57964 | Elf:2    | Identified a +0 short sword
 57964 | Elf:2    | Identified a +0 leather armour
 57966 | Elf:2    | Identified a +3 dire flail of distortion
 57983 | Elf:2    | Identified a +0 long sword
 57992 | Elf:2    | Identified a +0 long sword
 57992 | Elf:2    | Identified a +0 chain mail
 58012 | Elf:2    | Identified a +1 eveningstar of draining
 58016 | Elf:2    | Identified a +2 flail of venom
 58178 | Elf:2    | Identified a +5 battleaxe of freezing
 58195 | Elf:2    | Identified a +0 long sword
 58197 | Elf:2    | Identified a +0 short sword of freezing
 58197 | Elf:2    | Identified a +1 hand axe of freezing
 58205 | Elf:2    | Identified a +1 bardiche of holy wrath
 58325 | Elf:3    | Entered Level 3 of the Elven Halls
 58335 | Elf:3    | Identified a +0 short sword
 58335 | Elf:3    | Identified a +0 longbow
 58335 | Elf:3    | Identified a +0 leather armour
 58381 | Elf:3    | Identified a +0 long sword
 58397 | Elf:3    | Found a flickering gateway to a bazaar.
 58412 | Bazaar   | Entered a bazaar
 58420 | Bazaar   | Found Xink's Book Shop.
 58433 | Bazaar   | Found Riovemia's Jewellery Shop.
 58507 | Elf:3    | Reached skill level 17 in Evocations
 58523 | Elf:3    | Identified a +0 short sword
 58523 | Elf:3    | Identified a +0 longbow
 58523 | Elf:3    | Identified a +0 leather armour
 58528 | Elf:3    | Identified a +1 quarterstaff of speed
 58528 | Elf:3    | Noticed Bai Suzhen
 58556 | Elf:3    | Killed Bai Suzhen
 58556 | Elf:3    | Reached skill level 21 in Armour
 58556 | Elf:3    | Reached XP level 25. HP: 208/221 MP: 11/34
 58829 | Elf:3    | Identified a +2 halberd of protection
 58945 | Elf:3    | Identified a +0 dagger
 59097 | Elf:3    | Identified a +0 long sword
 59097 | Elf:3    | Identified a +0 shortbow
 59097 | Elf:3    | Identified a +0 ring mail
 59102 | Elf:3    | Identified a +0 scimitar
 59102 | Elf:3    | Identified a +0 longbow
 59102 | Elf:3    | Identified a +0 long sword
 59105 | Elf:3    | Identified a +0 rapier
 59105 | Elf:3    | Identified a +0 rapier
 59105 | Elf:3    | Identified a +0 leather armour
 59105 | Elf:3    | Identified a +0 long sword
 59105 | Elf:3    | Identified a +0 ring mail
 59105 | Elf:3    | Noticed a deep elf sorcerer
 59107 | Elf:3    | Identified a +0 dagger
 59107 | Elf:3    | Identified a +0 longbow
 59107 | Elf:3    | Identified a +0 leather armour
 59110 | Elf:3    | Identified a +0 short sword
 59111 | Elf:3    | Identified a +0 long sword
 59117 | Elf:3    | Reached skill level 23 in Invocations
 59117 | Elf:3    | Identified a +0 rapier
 59117 | Elf:3    | Identified a +0 rapier
 59117 | Elf:3    | Identified a +0 chain mail
 59117 | Elf:3    | Identified a +0 dagger
 59117 | Elf:3    | Identified a +0 shortbow
 59117 | Elf:3    | Identified a cursed +0 leather armour
 59118 | Elf:3    | Killed a deep elf sorcerer
 59123 | Elf:3    | Identified a +0 long sword of electrocution
 59123 | Elf:3    | Noticed a deep elf demonologist
 59125 | Elf:3    | Identified a +0 long sword
 59125 | Elf:3    | Identified a +0 ring mail
 59126 | Elf:3    | Identified a +0 short sword
 59126 | Elf:3    | Noticed a deep elf demonologist
 59126 | Elf:3    | Identified a +0 rapier
 59127 | Elf:3    | Identified a +0 rapier
 59129 | Elf:3    | Identified a +0 rapier
 59129 | Elf:3    | Identified a +0 rapier
 59129 | Elf:3    | Identified a +0 leather armour
 59132 | Elf:3    | Identified a +0 dagger
 59132 | Elf:3    | Identified a +0 long sword
 59132 | Elf:3    | Identified a +0 short sword
 59132 | Elf:3    | Identified a cursed -2 short sword
 59132 | Elf:3    | Identified a +0 rapier
 59214 | Elf:3    | Identified a +0 short sword
 59214 | Elf:3    | Identified a +0 shortbow
 59214 | Elf:3    | Identified a +0 leather armour
 59219 | Elf:3    | Identified a +0 short sword
 59222 | Elf:3    | Identified a +0 long sword
 59222 | Elf:3    | Noticed a deep elf demonologist
 59225 | Elf:3    | Identified a +0 short sword
 59225 | Elf:3    | Identified a +0 shortbow
 59225 | Elf:3    | Identified a +0 leather armour
 59229 | Elf:3    | Killed a deep elf demonologist
 59274 | Elf:3    | Identified a +1 long sword of flaming
 59274 | Elf:3    | Identified a +0 leather armour
 59274 | Elf:3    | Noticed a deep elf sorcerer
 59280 | Elf:3    | Killed a deep elf sorcerer
 59400 | Elf:3    | Identified a +0 rapier
 59418 | Elf:3    | Killed a deep elf demonologist
 59435 | Elf:3    | Identified a cursed +0 long sword
 59454 | Elf:3    | Identified a +0 short sword
 59454 | Elf:3    | Identified a +0 longbow
 59454 | Elf:3    | Identified a +0 leather armour
 59465 | Elf:3    | Identified a +0 long sword
 59465 | Elf:3    | Noticed a deep elf demonologist
 59465 | Elf:3    | Identified a +0 rapier
 59465 | Elf:3    | Noticed a deep elf sorcerer
 59467 | Elf:3    | Identified a +0 dagger
 59473 | Elf:3    | Killed a deep elf sorcerer
 59475 | Elf:3    | Killed a deep elf demonologist
 59494 | Elf:3    | Identified a +0 rapier of draining
 59494 | Elf:3    | Identified a +0 chain mail
 59498 | Elf:3    | Identified a +0 long sword
 59498 | Elf:3    | Noticed a deep elf sorcerer
 59504 | Elf:3    | Identified a +0 long sword
 59504 | Elf:3    | Identified a +0 leather armour
 59504 | Elf:3    | Noticed a deep elf demonologist
 59504 | Elf:3    | Identified a +1 short sword of venom
 59504 | Elf:3    | Identified a +0 leather armour
 59506 | Elf:3    | Identified a +0 dagger
 59507 | Elf:3    | Killed a deep elf sorcerer
 59508 | Elf:3    | Identified a +0 rapier
 59508 | Elf:3    | Identified a +2 tower shield of poison resistance
 59508 | Elf:3    | Noticed a deep elf sorcerer
 59509 | Elf:3    | Identified a +0 long sword
 59509 | Elf:3    | Noticed a deep elf demonologist
 59509 | Elf:3    | Identified a +0 rapier
 59509 | Elf:3    | Identified a +0 leather armour
 59509 | Elf:3    | Noticed a deep elf demonologist
 59512 | Elf:3    | Identified the cursed +0 scale mail of the Pits of Slime
                  | {rPois rN+ MR+++ Slay-3}
 59512 | Elf:3    | Identified a +0 longbow
 59512 | Elf:3    | Identified a +0 leather armour
 59513 | Elf:3    | Noticed a Brimstone Fiend
 59514 | Elf:3    | Killed a deep elf demonologist
 59517 | Elf:3    | Identified a +0 rapier
 59517 | Elf:3    | Identified a +0 scale mail
 59517 | Elf:3    | Noticed a deep elf sorcerer
 59518 | Elf:3    | Identified a +0 trident
 59518 | Elf:3    | Killed a deep elf demonologist
 59743 | Elf:3    | Identified a +0 long sword
 59743 | Elf:3    | Identified a +1 short sword of speed
 59743 | Elf:3    | Identified a +0 shortbow
 59744 | Elf:3    | Identified a +0 short sword
 59744 | Elf:3    | Identified a +0 shortbow
 59744 | Elf:3    | Identified a +0 leather armour
 59745 | Elf:3    | Identified a +0 rapier
 59747 | Elf:3    | Identified a +0 short sword
 59747 | Elf:3    | Identified a +0 longbow
 59747 | Elf:3    | Identified a cursed +0 leather armour
 59818 | Elf:3    | Received a gift from Okawaru
 59917 | Elf:3    | Killed a deep elf demonologist
 59921 | Elf:3    | Identified a +0 rapier
 59924 | Elf:3    | Identified a +0 dagger
 59924 | Elf:3    | Identified a +0 leather armour
 59925 | Elf:3    | Identified a +3 war axe of draining
 59925 | Elf:3    | Noticed a deep elf demonologist
 59932 | Elf:3    | Identified a +1 great mace of protection
 59932 | Elf:3    | Identified a +0 scale mail
 59932 | Elf:3    | Noticed a deep elf sorcerer
 59937 | Elf:3    | Killed a deep elf demonologist
 59945 | Elf:3    | Identified a +0 rapier
 59945 | Elf:3    | Identified a +0 rapier
 59945 | Elf:3    | Identified a +0 leather armour
 59948 | Elf:3    | Killed a deep elf sorcerer
 59949 | Elf:3    | Killed a deep elf demonologist
 59983 | Elf:3    | Killed a deep elf sorcerer
 60113 | Elf:3    | Identified the +7 war axe of Dul Amudd {vorpal, rElec Dex-3
                  | SInv Stlth+}
 60113 | Elf:3    | Identified a +0 scale mail
 60113 | Elf:3    | Noticed a deep elf demonologist
 60122 | Elf:3    | Noticed an Ice Fiend
 60123 | Elf:3    | Identified a +0 rapier
 60125 | Elf:3    | Killed a deep elf demonologist
 60129 | Elf:3    | Identified a +0 short sword
 60129 | Elf:3    | Noticed a deep elf demonologist
 60135 | Elf:3    | Killed a deep elf demonologist
 60325 | Elf:3    | Identified a cursed -1 short sword
 60325 | Elf:3    | Identified a +0 ring mail
 60331 | Elf:3    | Identified a +0 rapier
 60333 | Elf:3    | Identified a +0 long sword
 60333 | Elf:3    | Identified a +0 leather armour
 60504 | Elf:3    | Identified a +0 short sword
 60504 | Elf:3    | Identified a +0 chain mail
 60504 | Elf:3    | Identified a +0 long sword
 60504 | Elf:3    | Noticed a deep elf sorcerer
 60509 | Elf:3    | Killed a deep elf sorcerer
 60514 | Elf:3    | Identified the +7 flail of Pandemonium {antimagic, rN+
                  | Str+2 Dex-2 Stlth+}
 60519 | Elf:3    | Reached skill level 1 in Stealth
 60520 | Elf:3    | Identified Sif Muna's Collected Works on Talismans and
                  | Toxins
 60520 | Elf:3    | Identified the +0 glaive of Watchfulness {venom, +Fly MR++
                  | Dex-2}
 60520 | Elf:3    | Noticed a deep elf sorcerer
 60533 | Elf:3    | Killed a deep elf sorcerer
 60670 | Elf:3    | Identified the Grimoire of Freezing Displacement
 60993 | Elf:3    | Identified a scarf of harm (You found it on level 3 of the
                  | Elven Halls)
 61018 | Elf:3    | Identified the +8 plate armour of Discretion {MR++ Str+2}
                  | (You found it on level 3 of the Elven Halls)
 61920 | Vaults:5 | Entered Level 5 of the Vaults
 61920 | Vaults:5 | Identified a +0 dire flail
 61920 | Vaults:5 | Identified a +3 chain mail
 61920 | Vaults:5 | Identified a +0 war axe
 61920 | Vaults:5 | Identified a +0 chain mail
 61920 | Vaults:5 | Identified a +0 kite shield
 61920 | Vaults:5 | Identified a +0 great sword
 61920 | Vaults:5 | Identified a +0 plate armour
 61920 | Vaults:5 | Identified a +0 halberd
 61920 | Vaults:5 | Identified a +0 plate armour
 61920 | Vaults:5 | Identified a cursed -3 war axe
 61920 | Vaults:5 | Identified a +0 chain mail
 61920 | Vaults:5 | Identified a +3 battleaxe
 61920 | Vaults:5 | Identified a +0 plate armour
 61920 | Vaults:5 | Identified a +1 war axe
 61920 | Vaults:5 | Identified a +0 chain mail
 61920 | Vaults:5 | Identified a +0 battleaxe
 61920 | Vaults:5 | Identified a +1 chain mail of cold resistance
 61920 | Vaults:5 | Identified a +2 great mace
 61920 | Vaults:5 | Identified a +0 chain mail
 61920 | Vaults:5 | Identified a +0 dire flail
 61920 | Vaults:5 | Identified a +0 plate armour
 61920 | Vaults:5 | Identified a +2 great mace
 61920 | Vaults:5 | Identified a +0 chain mail
 61920 | Vaults:5 | Identified a +0 great mace
 61920 | Vaults:5 | Identified a +0 chain mail
 61920 | Vaults:5 | Identified a +0 bardiche
 61920 | Vaults:5 | Identified a +0 chain mail
 61920 | Vaults:5 | Identified a +0 great sword
 61920 | Vaults:5 | Identified a +0 chain mail
 61920 | Vaults:5 | Identified a +2 battleaxe of draining
 61920 | Vaults:5 | Identified a +0 plate armour
 61920 | Vaults:5 | Identified a +0 battleaxe
 61920 | Vaults:5 | Identified a +0 plate armour
 61920 | Vaults:5 | Identified a +0 battleaxe
 61920 | Vaults:5 | Identified a cursed +0 plate armour
 61920 | Vaults:5 | Identified a +0 war axe
 61920 | Vaults:5 | Identified a +0 plate armour
 61920 | Vaults:5 | Identified a +3 battleaxe
 61920 | Vaults:5 | Identified a cursed +0 plate armour
 61920 | Vaults:5 | Identified a +0 great mace
 61920 | Vaults:5 | Identified a +0 chain mail
 61920 | Vaults:5 | Identified a +2 war axe
 61920 | Vaults:5 | Identified a +0 chain mail
 61920 | Vaults:5 | Identified a +0 halberd
 61920 | Vaults:5 | Identified a +0 plate armour
 61920 | Vaults:5 | Identified a +3 war axe
 61920 | Vaults:5 | Identified a +0 chain mail
 61920 | Vaults:5 | Identified a +0 tower shield
 61920 | Vaults:5 | Identified a +1 long sword of holy wrath
 61920 | Vaults:5 | Identified a +0 chain mail
 61920 | Vaults:5 | Identified a +0 kite shield
 61927 | Vaults:5 | Reached skill level 2 in Stealth
 61928 | Vaults:5 | Identified a +1 great sword of flaming
 61931 | Vaults:5 | Identified a +0 longbow
 61933 | Vaults:5 | Received a gift from Okawaru
 61936 | Vaults:5 | Identified a +1 vorpal halberd
 61936 | Vaults:5 | Identified a +0 plate armour
 61942 | Vaults:5 | Identified a +0 short sword
 61947 | Vaults:5 | Reached skill level 3 in Stealth
 61955 | Vaults:5 | Noticed an entropy weaver
 61958 | Vaults:5 | Identified a +0 mace
 61958 | Vaults:5 | Identified a +0 leather armour
 61960 | Vaults:5 | Identified a +0 great sword
 61960 | Vaults:5 | Identified a +0 chain mail
 61960 | Vaults:5 | Identified a +1 great sword of flaming
 61961 | Vaults:5 | Identified a +0 dire flail
 61961 | Vaults:5 | Identified a +0 dire flail
 61966 | Vaults:5 | Identified a +0 great mace
 61966 | Vaults:5 | Identified a +0 scale mail
 61976 | Vaults:5 | Identified a +0 scimitar
 61979 | Vaults:5 | HP: 55/223 [stone giant/large rock (21)]
 61980 | Vaults:5 | Identified a +0 war axe
 61980 | Vaults:5 | Identified a +0 arbalest
 61980 | Vaults:5 | Identified a +0 ring mail
 61983 | Vaults:5 | Identified a +0 flail
 61983 | Vaults:5 | Identified a +0 scale mail
 61984 | Vaults:5 | Identified a +2 dire flail of protection
 61984 | Vaults:5 | Identified a +0 plate armour
 61987 | Vaults:5 | HP: 33/223 [stone giant (22)]
 61988 | Vaults:5 | Identified a +0 flail
 61994 | Vaults:5 | Identified a +0 great sword of flaming
 62002 | Vaults:5 | HP: 53/223 [golden dragon (6)]
 62006 | Vaults:5 | Identified a +0 arbalest
 62011 | Vaults:5 | Identified a +1 great sword of flaming
 62018 | Vaults:5 | HP: 27/223 [fire giant/bolt of fire (5)]
 62034 | Vaults:5 | Identified a +0 arbalest
 62037 | Vaults:5 | HP: 43/223 [fire giant/fireball (6)]
 62046 | Vaults:5 | Reached skill level 4 in Stealth
 62047 | Vaults:5 | HP: 26/223 [vault warden/+1 vorpal halberd (17)]
 62047 | Vaults:5 | HP: 12/223 [yaktaur captain (11)]
 62050 | Vaults:5 | Identified a +0 dire flail
 62050 | Vaults:5 | Identified a +0 leather armour
 62056 | Vaults:5 | HP: 23/223 [titan/the air (10)]
 62061 | Vaults:5 | Identified a +0 falchion
 62061 | Vaults:5 | Identified a +0 ring mail
 62062 | Vaults:5 | Identified a +0 great mace
 62062 | Vaults:5 | Identified a +0 chain mail
 62063 | Vaults:5 | Identified a +1 long sword of holy wrath
 62063 | Vaults:5 | Identified a +0 plate armour
 62063 | Vaults:5 | HP: 3/223 [deep elf high priest/a malign offering (20)]
 62063 | Vaults:5 | Identified a +0 great mace
 62063 | Vaults:5 | Identified a +0 dire flail
 62067 | Vaults:5 | Identified a +0 arbalest
 62069 | Vaults:5 | Identified a +0 great sword
 62069 | Vaults:5 | Identified a +0 chain mail
 62070 | Vaults:5 | HP: 8/223 [sphinx/divine providence (14)]
 62072 | Vaults:5 | HP: 3/223 [sphinx/divine providence (14)]
 62072 | Vaults:5 | Mangled by a titan

Table legend:
 A = Turns spent in this place as a percentage of turns spent in the entire game.
 B = Non-inter-level travel turns spent in this place as a percentage of non-inter-level travel turns spent in the entire game.
 C = Inter-level travel turns spent in this place as a percentage of turns spent in this place.
 D = Turns resting spent in this place as a percentage of non-inter-level travel turns spent in this place.
 E = Turns spent auto-exploring this place as a percentage of non-inter-level travel turns spent in this place.
 F = Non-inter-level travel turns spent in this place divided by the number of levels of this place that you've seen.
                   A       B       C       D       E      F
               +-------+-------+-------+-------+-------+----------------------
         Total | 100.0 | 100.0 |   8.6 |  20.4 |  51.3 | 1031.4
       Dungeon |  26.9 |  25.1 |  14.9 |   8.8 |  66.7 | 948.5
        Temple |   0.3 |   0.3 |   9.4 |   0.0 |  45.8 | 144.0
          Lair |  18.5 |  18.6 |   8.0 |  41.6 |  38.8 | 1762.2
        Shoals |   4.1 |   4.3 |   5.3 |  13.7 |  55.2 | 607.0
     Snake Pit |   7.4 |   7.7 |   4.9 |  19.3 |  54.8 | 1086.2
  Orcish Mines |   3.4 |   3.4 |   8.1 |  26.2 |  44.8 | 976.0
   Elven Halls |   8.2 |   8.4 |   6.7 |  22.2 |  49.8 | 1583.7
        Vaults |  10.8 |  10.7 |   9.4 |   8.5 |  60.0 | 1211.2
        Depths |  13.4 |  13.9 |   5.0 |  19.0 |  44.4 | 1578.0
         Abyss |   0.5 |   0.6 |   0.0 |   0.0 |   0.0 | 113.7
        Bazaar |   0.1 |   0.1 |   0.0 |   0.0 |  91.5 |  47.0
         Trove |   0.1 |   0.1 |   0.0 |   0.0 |   2.9 |  69.0
         Sewer |   1.1 |   1.2 |   0.0 |   0.0 |  66.2 | 701.0
       Ossuary |   1.2 |   1.3 |   0.0 |  51.1 |   9.7 | 714.0
      Ice Cave |   0.8 |   0.8 |   0.0 |  16.7 |  25.6 | 473.0
       Volcano |   1.9 |   2.1 |   0.0 |  45.8 |  28.0 | 1167.0
      Gauntlet |   1.4 |   1.5 |   0.0 |  21.3 |  39.8 | 847.0
               +-------+-------+-------+-------+-------+----------------------

Table legend:
 A = Kills in this place as a percentage of kills in entire the game.
 B = Kills by you in this place as a percentage of kills by you in the entire game.
 C = Kills by friends in this place as a percentage of kills by friends in the entire game.
 D = Other kills in this place as a percentage of other kills in the entire game.
 E = Experience gained in this place as a percentage of experience gained in the entire game.
 F = Experience gained in this place divided by the number of levels of this place that you have seen.
                   A       B       C       D       E      F
               +-------+-------+-------+-------+-------+----------------------
         Total | 100.0 | 100.0 | 100.0 | 100.0 | 100.0 | 19238.9
       Dungeon |  22.4 |  22.5 |  33.3 |   7.7 |   6.2 | 4374.7
          Lair |  10.8 |  10.9 |   0.0 |   0.0 |   6.6 | 11654.0
        Shoals |   4.8 |   4.8 |   0.0 |   7.7 |   4.4 | 11686.2
     Snake Pit |   7.9 |   8.0 |   0.0 |   7.7 |   9.6 | 25472.2
  Orcish Mines |   4.0 |   3.9 |  33.3 |  15.4 |   1.5 | 7730.5
   Elven Halls |   8.0 |   7.9 |   0.0 |  23.1 |  13.3 | 47023.7
        Vaults |  18.1 |  18.1 |  33.3 |  15.4 |  27.1 | 57281.2
        Depths |  16.7 |  16.7 |   0.0 |  23.1 |  27.9 | 58968.4
         Abyss |   1.5 |   1.6 |   0.0 |   0.0 |   1.7 | 6008.0
         Sewer |   0.9 |   0.9 |   0.0 |   0.0 |   0.0 |  63.0
       Ossuary |   1.5 |   1.6 |   0.0 |   0.0 |   0.1 | 915.0
      Ice Cave |   1.2 |   1.2 |   0.0 |   0.0 |   0.4 | 3907.0
       Volcano |   1.3 |   1.3 |   0.0 |   0.0 |   0.7 | 7325.0
      Gauntlet |   0.7 |   0.7 |   0.0 |   0.0 |   0.6 | 5946.0
               +-------+-------+-------+-------+-------+----------------------

Skill      XL: |  1  2  3  4  5  6  7  8  9 10 11 12 13 14 15 16 17 18 19 20 21 22 23 24 25 |
---------------+----------------------------------------------------------------------------+-----
Axes           | 3 4 5 7 8 10 11 12 13 14 15 16 | 16.0
Fighting       | 4 5 6 7 8 9 10 11 12 13 14 15 16 17 | 17.8
Dodging        | 1 2 3 4 5 6 7 8 9 10 11 12 | 12.9
Armour         | 4 5 7 8 9 10 11 12 13 14 15 16 17 18 19 20 21 | 21.8
Shields        | 4 5 6 7 8 9 10 11 12 13 14 15 | 15.0
Invocations    | 2 5 7 9 10 12 13 15 16 17 18 19 20 21 22 23 | 23.7
Crossbows      | 3 4 6 7 8 9 10 | 10.0
Evocations     | 2 4 5 6 8 10 11 12 14 15 16 17 | 17.7
Stealth        | 4 |  4.1

Action                   |  1- 3 |  4- 6 |  7- 9 | 10-12 | 13-15 | 16-18 | 19-21 | 22-24 | 25-27 || total
-------------------------+-------+-------+-------+-------+-------+-------+-------+-------+-------++-------
Melee: War axe           |    97 |   224 |   302 |   658 |   491 |   843 |   218 |       |       ||  2833
       Broad axe         |       |       |       |       |       |       |   652 |  1350 |   265 ||  2267
 Fire: Hand crossbow     |       |       |       |     6 |   448 |   994 |   632 |   764 |   176 ||  3020
Throw: Dart              |     5 |    80 |    26 |    25 |       |       |       |       |       ||   136
       Boomerang         |       |       |       |   133 |    64 |    34 |    19 |    12 |       ||   262
       Javelin           |       |       |       |       |       |       |       |    14 |     1 ||    15
Invok: Heroism           |       |       |       |     1 |       |     1 |       |       |       ||     2
       Finesse           |       |       |       |     2 |     1 |     2 |       |     6 |     2 ||    13
 Abil: Evoke Invisibilit |       |       |       |       |       |     4 |     1 |     2 |     1 ||     8
       Evoke Flight      |       |       |       |       |       |       |       |     1 |       ||     1
Evoke: Wand              |       |       |       |     2 |     2 |     3 |     4 |     9 |       ||    20
       Box of beasts     |       |       |       |       |     1 |     1 |       |       |       ||     2
       Tin of tremorston |       |       |       |       |       |     1 |     4 |       |     2 ||     7
       Phantom mirror    |       |       |       |       |       |       |       |       |     2 ||     2
  Use: Scroll            |     1 |     1 |     4 |    18 |    11 |    15 |     5 |    14 |     9 ||    78
       Potion            |       |       |       |     5 |     1 |       |     1 |    11 |    13 ||    31
 Stab: Invisible         |       |       |       |       |       |     6 |     1 |     4 |     9 ||    20
       Sleeping          |       |       |       |       |       |       |       |       |     2 ||     2
  Eat: Chunk             |     2 |    10 |     4 |    12 |    14 |    12 |    13 |    13 |     2 ||    82
       Ration            |       |       |     3 |     3 |     6 |     9 |     5 |     8 |     2 ||    36
Armor: Scale mail        |    54 |     4 |       |       |       |       |       |       |       ||    58
       Crystal plate arm |       |   177 |   206 |   466 |   283 |   552 |   356 |   511 |   135 ||  2686
Dodge: Dodged            |    40 |     9 |    20 |   195 |   146 |   199 |   254 |   385 |    79 ||  1327
Block: Kite shield       |    70 |   136 |   138 |   443 |   435 |   965 |   972 |  1338 |   229 ||  4726
       Reflection        |       |       |       |       |     3 |   148 |   102 |    82 |    41 ||   376

Vanquished Creatures
  An ancient lich (Depths:3)
  Bai Suzhen (Elf:3)
  2 caustic shrikes (Depths:5)
  5 golden dragons
  Nikola (Vaults:1)
  the Enchantress (Depths:2)
  Jory (Vaults:3)
  3 liches
  5 deep elf blademasters
  3 tentacled starspawn
  A deep elf master archer (Elf:3)
  3 titans (Depths:4)
  An eldritch tentacle (Snake:3)
  2 quicksilver dragons
  A sphinx (Depths:4)
  Gastronok (Orc:1)
  Agnes (Lair:3)
  Donald (Snake:4)
  A tengu reaver (Depths:4)
  A shadow dragon (Vaults:5)
  8 fire giants
  3 storm dragons
  8 nagarajas
  6 frost giants
  8 deep elf sorcerers (Elf:3)
  An orc warlord (Vaults:3)
  An iron dragon (Depths:1)
  Louise (Snake:1)
  15 vault wardens
  6 deep elf elementalists (Elf:3)
  16 ironheart preservers
  4 draconian stormcallers (Depths:5)
  5 spriggan defenders
  A cacodemon (Depths:2)
  A reaper (IceCv)
  19 stone giants
  2 ghouls (Vaults:4)
  30 very ugly things
  3 entropy weavers
  3 vampire knights
  10 deep elf demonologists (Elf:3)
  A green draconian (Depths:5)
  A yellow draconian (Depths:5)
  8 deep elf annihilators
  A purple draconian (Depths:5)
  A red draconian (Depths:5)
  A minotaur (Gauntlet)
  A dire elephant (D:15)
  6 deep elf death magi (Elf:3)
  4 spark wasps
  An eidolon (Depths:3)
  A fire dragon (shapeshifter) (Vaults:5)
  3 merfolk javelineers
  6 yaktaur captains
  3 jiangshi (Depths:3)
  7 deep elf high priests
  8 ogre magi
  6 ettins
  8 great orbs of eyes
  10 fire dragons
  5 merfolk impalers
  A hell beast (Depths:2)
  3 rakshasas (Vaults:1)
  7 ice dragons
  13 naga warriors
  2 peacekeepers (Vaults:1)
  8 hydras
  2 catoblepae (D:13)
  33 vault guards
  A merfolk avatar (Shoals:1)
  12 anacondas
  5 spriggan air magi
  Erica (Lair:1)
  7 centaur warriors
  2 alligator snapping turtles
  5 death knights
  10 deep troll shamans
  28 two-headed ogres
  A satyr (Shoals:2)
  3 deep troll earth magi
  11 death yaks
  3 merfolk aquamancers
  27 dancing weapons
  7 tengu warriors
  2 two-headed ogres (shapeshifter) (Vaults:1)
  A vampire mage (Depths:4)
  5 orc high priests
  3 thrashing horrors (Abyss:3)
  12 spriggan berserkers
  8 naga sharpshooters
  A shock serpent (shapeshifter) (Depths:5)
  15 deep elf knights
  5 shock serpents
  5 hell knights
  3 shadow wraiths (Depths:3)
  4 salamander mystics
  A sixfirhy (Depths:2)
  7 skeletal warriors
  A fire crab (Gauntlet)
  5 iron trolls
  A death drake (shapeshifter) (Gauntlet)
  12 deep trolls
  4 glowing orange brains
  4 sea snakes
  2 large abominations
  9 naga ritualists
  An unseen horror (shapeshifter) (Depths:2)
  A spectral anaconda (Depths:3)
  A swamp dragon (shapeshifter) (Gauntlet)
  A death drake (Depths:3)
  6 wizards
  2 orange crystal statues (Depths:3)
  11 flayed ghosts
  4 harpies
  3 necromancers
  An orb spider (shapeshifter) (Vaults:1)
  Pikel (D:6)
  5 lindwurms (Lair:2)
  11 orc knights
  19 deep elf archers
  6 phantasmal warriors
  5 wolf spiders
  3 oklob plants (Lair:5)
  53 deep elf magi
  17 ironbrand convokers
  12 cyclopes
  A cyclops (shapeshifter) (D:13)
  7 manticores
  16 slime creatures
  7 fauns (Shoals:2)
  5 orc sorcerers
  14 mana vipers
  10 salamanders
  3 starcursed masses (Abyss:3)
  56 ugly things
  8 elephants
  2 moths of wrath (shapeshifter)
  14 vault sentinels
  8 merfolk sirens
  A rust devil (Depths:2)
  2 black mambas (shapeshifter)
  Maurice (D:8)
  2 water nymphs
  2 ice statues (IceCv)
  An eye of devastation (shapeshifter) (Vaults:3)
  36 black mambas
  6 naga magi
  A torpor snail (Lair:5)
  7 guardian serpents
  16 spiny frogs
  2 gargoyles
  Maggie (D:6)
  An orange demon (Depths:2)
  A smoke demon (Abyss:4)
  2 minotaur zombies (Gauntlet)
  A spectral merfolk (Depths:3)
  36 yaktaurs
  2 rime drakes (shapeshifter)
  A komodo dragon (shapeshifter) (Vaults:2)
  3 hellwings (Abyss:3)
  3 komodo dragons
  2 anaconda simulacra (Depths:3)
  10 freezing wraiths
  A yaktaur (shapeshifter) (Depths:4)
  5 ice devils (IceCv)
  A red devil (Depths:2)
  An ancient zyme (Abyss:3)
  23 merfolk
  2 meliai (shapeshifter)
  6 polar bears
  A polar bear (shapeshifter) (Vaults:1)
  6 raiju
  2 wind drakes
  A jumping spider (Vaults:1)
  9 trolls
  8 hornets
  21 blink frogs
  Prince Ribbit (D:6)
  6 snapping turtles
  13 dream sheep
  A dream sheep (shapeshifter) (Depths:4)
  13 hippogriffs
  5 flying skulls (Depths:2)
  6 redbacks
  4 air elementals
  3 vampires
  A tarantella (shapeshifter) (Vaults:1)
  20 wyverns
  3 spriggans (Depths:2)
  4 fire elementals
  8 shadows
  14 wraiths
  Eustachio (D:6)
  27 water elementals
  54 yaks
  2 chaos spawn
  9 fire bats
  A hog (shapeshifter) (Vaults:3)
  A basilisk (shapeshifter) (Gauntlet)
  2 ynoxinuls
  5 basilisks
  Grum (D:9)
  A human simulacrum (Vaults:3)
  6 vampire mosquitoes
  A neqoxec (Abyss:3)
  Menkaure (D:6)
  2 hungry ghosts
  3 steam dragons (Volcano)
  52 nagas
  14 wargs
  A soldier ant (D:13)
  3 acid dragons
  A soldier ant (shapeshifter) (Vaults:1)
  2 swamp worms (shapeshifter)
  2 spectral spriggans (Depths:3)
  23 water moccasins
  A floating eye (Depths:3)
  5 porcupines
  A spectral troll (Depths:3)
  7 hell hounds
  33 orc warriors
  A slave (D:6)
  A snapping turtle zombie (Depths:3)
  An eye of draining (D:12)
  3 sky beasts
  8 ice beasts
  6 black bears
  5 phantoms
  27 ogres
  13 boggarts
  18 wolves
  24 centaurs
  10 crocodiles
  2 big kobolds
  A merfolk simulacrum (Depths:3)
  4 earth elementals
  17 bullfrogs
  A glowing shapeshifter simulacrum (Depths:2)
  A wyvern zombie (D:14)
  12 scorpions
  A small abomination (Abyss:4)
  A wyvern skeleton (D:7)
  2 spectral ogres (Depths:3)
  3 spectral nagas (Depths:3)
  28 killer bees
  4 wights
  6 electric eels
  4 howler monkeys
  2 spectral centaurs (Depths:3)
  6 centaur zombies
  5 crimson imps
  5 jellies
  3 quasits
  A bullfrog zombie (D:13)
  4 centaur skeletons
  5 hounds
  22 orc priests
  2 bullfrog skeletons (D:12)
  6 iguanas
  36 orc wizards
  9 worker ants
  A spriggan simulacrum (Depths:3)
  4 big kobold zombies (Ossuary)
  A centaur simulacrum (Depths:3)
  3 mummies (Ossuary)
  7 gnolls
  2 naga simulacra (Depths:3)
  8 scorpion zombies (Ossuary)
  18 adders
  3 shadow imps
  11 white imps
  10 ufetubi
  2 oozes
  An adder skeleton (D:8)
  A worm (D:2)
  4 dart slugs
  5 leopard geckos
  78 orcs
  15 giant cockroaches
  7 goblins
  3 hobgoblins
  8 jackals
  5 quokkas
  4 ball pythons
  13 bats
  6 frilled lizards
  2 goblin zombies (Ossuary)
  A hobgoblin zombie (Ossuary)
  30 kobolds
  2 kobold zombies (Ossuary)
  3 orc zombies (Ossuary)
  8 rats
  A crawling corpse (Vaults:5)
  2 fungi
  11 plants
  A starspawn tentacle (Abyss:4)
2067 creatures vanquished.

Vanquished Creatures (collateral kills)
  A deep elf high priest (Vaults:5)
  An orc knight (Orc:2)
  A sky beast (D:9)
3 creatures vanquished.

Vanquished Creatures (others)
  A caustic shrike (Depths:5)
  Vashnia (Snake:4)
  A shadow dragon (Depths:5)
  A draconian knight (Depths:5)
  A war gargoyle (Vaults:5)
  A sea snake (Shoals:1)
  A deep elf archer (Elf:2)
  An orc knight (Orc:2)
  2 deep elf magi (Elf:2)
  A necromancer (Vaults:1)
  A manticore (D:13)
  A steam dragon (Volcano)
  A big kobold (D:9)
  A slave (D:6)
  An orc warrior (Orc:2)
  A bullfrog (D:6)
  A gnoll sergeant (D:6)
  A scorpion (Ossuary)
  A howler monkey (D:6)
  A gnoll (D:6)
  3 white imps (IceCv)
  2 ufetubi (IceCv)
  6 bushes (Lair:1)
  18 fungi
  71 plants
  5 starspawn tentacles (Abyss:4)
  5 withered plants (Gauntlet)
131 creatures vanquished.

Grand Total: 2201 creatures vanquished
